 Dungeon Crawl Stone Soup version 0.30-a0-169-g06f667207d (webtiles) character file.

Game seed: 4837958986671048109

635565 qw the Bringer of Light (level 27, -10/209 HPs)
             Began as a Gargoyle Fighter on Sept 30, 2022.
             Was the Champion of the Shining One.
             Killed by divine providence
             ... invoked by a daeva
              (15 damage)
             ... in Pandemonium.
             The game lasted 00:39:38 (68378 turns).

qw the Bringer of Light (Gargoyle Fighter)         Turns: 68378, Time: 00:39:39

Health: -10/209    AC: 58    Str: 32    XL:     27
Magic:  37/39      EV: 14    Int: 12    God:    the Shining One [******]
Gold:   4691       SH: 26    Dex: 12    Spells: 26/26 levels left

rFire   + . .      SeeInvis .    h - +9 broad axe (holy)
rCold   + + .      Faith    .    E - +4 tower shield of Honour {Str+3 Dex+3}
rNeg    + + +      Spirit   .    L - +1 gold dragon scales
rPois   inf        Reflect  .    I - +0 hat of Lifelessness {Regen+ rCorr}
rElec   +          Harm     .    A - +2 cloak "Urphaf" {rC+ Stlth+}
rCorr   +          Rampage  .    C - +2 pair of gloves
Will    ++...                    a - +2 pair of boots {Stlth+}
Stlth   ..........               c - amulet of the acrobat
HPRegen 1.24/turn                v - +4 ring of evasion
MPRegen 0.26/turn                H - +4 ring of protection

@: about to teleport, flying, glowing
A: sickness immunity, AC +20, big wings, negative energy resistance 1,
electricity resistance, torment resistance 1, petrification resistance,
iridescent scales 1, deformed body, robust 1, shaggy fur 1, weak 1, wild magic 1
}: 5/15 runes: decaying, silver, golden, demonic, gossamer
a: Renounce Religion, Divine Shield, Cleansing Flame, Summon Divine Warrior


You were in Pandemonium.
You worshipped the Shining One.
The Shining One was exalted by your worship.
You visited 11 branches of the dungeon, and saw 50 of its levels.
You visited Pandemonium 1 time, and saw 1 of its levels.
You visited the Abyss 2 times.
You also visited: Sewer, Gauntlet and Wizlab.

You collected 10055 gold pieces.
You spent 5364 gold pieces at shops.


Innate Abilities, Weirdness & Mutations

You are immune to sickness and miasma.
Your stone body is resilient. (AC +20)
You are immune to poison.
Your large and strong wings let you fly.
You resist negative energy. (rN+)
You are resistant to electric shocks. (rElec)
You are resistant to unholy torment.
You are immune to petrification.
You are partially covered in iridescent scales. (AC +2)
Armour fits poorly on your strangely shaped body.
You are robust. (+10% HP)
You are covered in fur. (AC +1)
You are weak. (Str -2)
Your spells are a little harder to cast, but a little more powerful.


   Skills:
 - Level 24.1 Fighting
 - Level 18.0 Axes
 - Level 14.0 Throwing
 - Level 22.2 Armour
 - Level 8.2 Dodging
 - Level 22.0 Shields
 + Level 24.7 Invocations


You had 26 spell levels left.
You didn't know any spells.
Your spell library was empty.

Inventory:

Hand Weapons
 h - a +9 broad axe of holy wrath (weapon)
Missiles
 f - 5 silver boomerangs
 i - 19 boomerangs
 K - 3 javelins (quivered)
Armour
 a - a +2 pair of boots of stealth (worn)
 n - the +4 ring mail of Pride {rCorr}
   (Okawaru gifted it to you on level 3 of the Spider Nest)

   rCorr:     It protects you from acid and corrosion.
 p - the +1 helmet of Ewecrox {Harm rCorr Dex+5}
   (Okawaru gifted it to you on level 3 of the Vaults)

   Dex:       It affects your dexterity (+5).
   rCorr:     It protects you from acid and corrosion.
   Harm:      It increases damage dealt and taken.
 A - the +2 cloak "Urphaf" (worn) {rC+ Stlth+}
   (You found it on level 3 of the Tomb of the Ancients)

   rC:        It protects you from cold.
   Stlth:     It makes you more stealthy.
 B - a +6 plate armour
 C - a +2 pair of gloves (worn)
 E - the +4 tower shield of Honour (worn) {Str+3 Dex+3}
   (You found it in a Gauntlet)

   Str:       It affects your strength (+3).
   Dex:       It affects your dexterity (+3).
 I - the +0 hat of Lifelessness (worn) {Regen+ rCorr}
   (Okawaru gifted it to you on level 2 of the Orcish Mines)

   Regen:     It increases your rate of health regeneration.
   rCorr:     It protects you from acid and corrosion.
 L - +1 gold dragon scales (worn)
Jewellery
 c - an amulet of the acrobat (around neck)
 g - the ring "Xauci" {rN++ Will++ EV+4 Str-5}
   (You took it off an angel in Pandemonium)

   [ring of evasion]

   EV:        It affects your evasion (+4).
   Str:       It affects your strength (-5).
   rN:        It greatly protects you from negative energy.
   Will:      It greatly increases your willpower.
 j - the ring "Menar" {rPois rN+ rCorr Int+6}
   (You bought it in a shop on level 2 of the Orcish Mines)

   [ring of intelligence]

   Int:       It affects your intelligence (+6).
   rPois:     It protects you from poison.
   rN:        It protects you from negative energy.
   rCorr:     It protects you from acid and corrosion.
 s - a ring of protection from cold
 v - a +4 ring of evasion (left hand)
 w - a ring of protection from fire
 H - a +4 ring of protection (right hand)
 M - a ring of resist corrosion
 N - the ring of Juigasha {rC+ Will+}
   (You found it in a Gauntlet)

   [ring of protection from cold]

   rC:        It protects you from cold.
   Will:      It increases your willpower.
 Y - a ring of protection from fire
Wands
 J - a wand of digging (22)
Scrolls
 b - a scroll of enchant weapon
 l - 10 scrolls of identify
 u - 4 scrolls of brand weapon
Potions
 d - 12 potions of might
 e - 16 potions of curing
 m - 6 potions of attraction
 o - 8 potions of haste
 q - 9 potions of lignification
 r - 7 potions of magic
 t - 7 potions of cancellation

Dungeon Overview and Level Annotations

Branches:
Dungeon (15/15)            Temple (1/1) D:4            Lair (5/5) D:11
  Swamp (4/4) Lair:3       Spider (4/4) Lair:2        Slime (0/5) Lair:4
    Orc (2/2) D:11            Elf (0/3) Orc:2        Vaults (5/5) D:14
  Crypt (3/3) Vaults:3       Tomb (3/3) Crypt:3      Depths (4/4) D:15
    Zot (4/5) Depths:4      Sewer (visited)          WizLab (visited)
Gauntlet (visited)

Altars:
Ashenzari
Cheibriados
Dithmenos
Elyvilon
Fedhas
Gozag
Hepliaklqana
Kikubaaqudgha
Makhleb
Nemelex Xobeh
Okawaru
Qazlal
Ru
Sif Muna
Trog
Uskayaw
Vehumet
Wu Jian
Xom
Yredelemnul
Zin
The Shining One
Jiyva

Shops:
Orc:2 =[(   Vaults:3 [![?[   Vaults:4 *   Depths:1 [   Depths:2 ?   Depths:4 [

Portals:
Hell: Depths:1 Depths:2 Depths:3 Depths:4
Abyss: Depths:3
Pandemonium: Depths:2
Ziggurat: Depths:1

Annotations:
D:3 1 runed translucent door, qw's ghost, amateur GrFi
D:10 2 transporters, qw's ghost, journeyman GrFi
Swamp:2 2 transporters, Gokhumny's ghost, adept GnFi
Spider:3 3 runed translucent doors, reativica's ghost, journeyman CeHu
Orc:1 2 transporters, qw's ghost, journeyman GrFi
Vaults:4 1 transporter
Crypt:1 2 runed translucent doors, Teduw's ghost, veteran MiGl; Vv
Crypt:2 1 runed translucent door, Bunoc's ghost, veteran FoFi
Depths:4 1 runed translucent door


Message History

The daeva is lightly wounded.
The daeva blocks your attack.
Your surroundings suddenly seem different.
You start resting.
An angel comes into view. It is wielding a +2 whip of holy wrath.
Found a white marble altar of Elyvilon.
A cherub comes into view. It is wielding a +1 flail of flaming.
68374 ||| READING 2 scrolls of teleportation.
As you read the scroll of teleportation, it crumbles to dust.
You feel strangely unstable. You block the angel's attack.
The angel misses you.
You closely miss the angel. The angel hits you but does no damage.
You block the angel's attack. x2
The angel hits you with a +2 whip of holy wrath.
You slice the angel!!
The angel is moderately wounded.
The angel hits you with a +2 whip of holy wrath!
You block the angel's attack.
You slash the angel!
The angel is heavily wounded.
Your surroundings suddenly seem different. 3 daevas come into view.
A daeva is wielding a +2 scimitar of holy wrath.
A daeva is wielding a +4 scimitar of holy wrath.
A daeva is wielding a +3 eudemon blade of holy wrath.
Found a potion of cancellation, 3 poisoned darts and a phantom mirror.
Found a glowing silver altar of Zin.
The daeva shouts! x3
A daeva comes into view.
It is wielding a +3 scimitar of holy wrath.
You block the daeva's attack. The daeva misses you.
68378 ||| READING scroll of teleportation.
As you read the scroll of teleportation, it crumbles to dust.
You feel strangely unstable.
The daeva calls down the wrath of Zin upon you.
Zin smites you! The Shining One protects you from harm!
The daeva calls down the wrath of Zin upon you.
Zin smites you! The Shining One protects you from harm!
The daeva calls down the wrath of Zin upon you.
Zin smites you!
You die...

########
##....#.
##..#...
#}.A...#
#......###
##........
#!.A...###.A
#..@......#
#..A...####
#(.....# #.
...
##..#....
#.##..
##....#...
#.#...
######
######..A.#
.......A#
........#
... #...#


You could see 4 daevas.

Vanquished Creatures
  A seraph (Pan)
  A dread lich (Crypt:3)
  An orb of fire (Zot:4)
  An ancient lich (Vaults:5)
  Mara (Depths:2)
  A juggernaut (Depths:3)
  15 royal mummies
  Sojobo (Vaults:2)
  Josephina (Zot:1)
  Frederick (Vaults:5)
  Bai Suzhen (Swamp:4)
  A curse toe (Zot:4)
  Nikola (Spider:4)
  15 golden dragons
  A bone dragon (Swamp:4)
  2 electric golems
  Jorgrun (Spider:2)
  13 tentacled monstrosities
  4 liches
  5 deep elf blademasters
  A shard shrike skeleton (Crypt:1)
  2 deep elf master archers (Crypt:1)
  Asterion (Spider:2)
  7 ancient champions
  5 quicksilver dragons
  7 titans
  A tentacled starspawn (Abyss:3)
  11 sphinxes
  8 death cobs
  12 tengu reavers
  6 shadow dragons
  20 storm dragons
  7 draconian monks
  2 revenants
  14 fire giants
  3 fenstrider witches (Depths:2)
  A daeva (Abyss:3)
  17 frost giants
  4 emperor scorpions
  4 draconian knights
  2 deep elf sorcerers
  An iron dragon (Depths:3)
  Aizul (Depths:2)
  5 ghost moths
  3 deep elf elementalists (Depths:2)
  5 ghouls
  18 vault wardens
  6 draconian scorchers
  17 ironbound preservers
  11 draconian shifters
  4 draconian stormcallers
  7 angels (Pan)
  A curse skull (Crypt:2)
  3 orc warlords
  22 very ugly things
  2 broodmothers
  8 draconian annihilators
  3 vampire knights
  9 war gargoyles
  4 apis (Pan)
  8 ophanim (Pan)
  7 ironbound thunderhulks
  25 stone giants
  9 eleionomae
  8 green draconians
  Azrael (Spider:1)
  7 bennus
  A deep elf demonologist (Vaults:5)
  6 dire elephants
  5 bunyips
  A minotaur (Gauntlet)
  A deep elf annihilator (Vaults:5)
  10 yellow draconians
  11 black draconians
  20 red draconians
  13 purple draconians
  14 white draconians
  3 spark wasps
  5 ettins
  3 eidola
  2 deep elf death magi
  4 crystal guardians
  25 mummy priests
  6 fire dragons
  4 jiangshi (Crypt:2)
  13 yaktaur captains
  2 shambling mangroves
  A deep elf high priest (Vaults:5)
  A quicksilver dragon zombie (Crypt:3)
  8 great orbs of eyes
  3 entropy weavers
  2 spriggan zombies
  35 vault guards
  Erolcha (D:10)
  4 rakshasas
  9 ice dragons
  12 hydras
  2 salamander tyrants (Depths:2)
  5 ghost crabs
  5 catoblepae
  2 peacekeepers
  5 ironbound frosthearts
  A radroach (shapeshifter) (Vaults:5)
  A radroach (Spider:2)
  2 anacondas (shapeshifter)
  5 dancing weapons
  11 centaur warriors
  A fenstrider witch skeleton (Crypt:3)
  5 spriggan skeletons
  A death knight (Crypt:2)
  A merfolk aquamancer (Depths:2)
  A two-headed ogre (D:10)
  A two-headed ogre (shapeshifter) (Vaults:2)
  4 deep troll shamans
  9 tengu warriors
  An alligator (shapeshifter) (Vaults:5)
  6 deep troll earth magi
  11 boulder beetles
  15 alligators
  3 titan zombies
  A bennu skeleton (Crypt:2)
  5 death yaks (Lair:5)
  An orc high priest (Orc:2)
  65 death scarabs
  7 thrashing horrors
  A vampire mage (Crypt:2)
  2 spriggan berserkers
  A shock serpent (shapeshifter) (Depths:1)
  A soul eater (WizLab)
  5 deep elf knights
  16 spriggans
  4 hell knights (Crypt:3)
  5 goliath frogs
  A salamander mystic (Depths:2)
  A golden dragon zombie (Crypt:3)
  A spatial maelstrom (Abyss:3)
  5 iron trolls
  6 pharaoh ants
  2 wretched stars (Abyss:3)
  A sixfirhy (Abyss:2)
  3 shadow wraiths (Crypt:2)
  5 spriggan druids
  8 cherubim (Pan)
  7 steelbarb worms
  A death drake (Swamp:4)
  A quicksilver dragon simulacrum (Zot:1)
  19 skeletal warriors
  3 spectral hydras (Swamp:4)
  61 deep trolls
  9 orb spiders
  6 bog bodies
  3 glowing orange brains
  2 flayed ghosts
  An iron giant zombie (Crypt:2)
  10 phantasmal warriors
  2 swamp dragons (Swamp:1)
  11 lindwurms
  6 deep elf archers
  3 wizards
  A fire giant zombie (Crypt:2)
  10 orc knights
  19 ironbound convokers
  6 deep elf pyromancers
  3 harpies (Vaults:1)
  9 necromancers
  9 deep elf zephyrmancers
  13 large abominations
  2 frost giant zombies
  6 orc sorcerers
  3 will-o-the-wisps
  A tengu skeleton (Vaults:1)
  26 ugly things
  3 manticores (Lair:5)
  4 cyclopes
  5 salamanders (Depths:2)
  21 moths of wrath
  20 wolf spiders
  An oklob plant (Gauntlet)
  A moth of wrath (shapeshifter) (Depths:4)
  A goliath frog skeleton (Crypt:2)
  A guardian serpent (Depths:3)
  An apocalypse crab (Abyss:3)
  10 elephants
  A centaur zombie (Crypt:3)
  A frost giant skeleton (Vaults:1)
  3 dire elephant zombies
  3 torpor snails
  A water nymph (shapeshifter) (D:15)
  4 black mambas
  3 smoke demons
  3 gargoyles
  21 vault sentinels
  A cane toad (shapeshifter) (Vaults:5)
  2 unseen horrors
  12 cane toads
  3 kobold demonologists
  9 komodo dragons
  A storm dragon simulacrum (Zot:1)
  6 demonic crawlers
  3 rime drakes
  8 freezing wraiths
  3 hellwings (Abyss:3)
  3 harpy zombies (Crypt:3)
  31 yaktaurs
  16 swamp worm zombies
  A purple draconian zombie (Crypt:2)
  2 efreet
  3 tengu conjurers
  A bloated husk (Swamp:4)
  2 ancient zymes (Abyss:3)
  34 guardian mummies
  A polar bear (Lair:5)
  4 hydra zombies (Swamp:4)
  2 dryads (Depths:2)
  A pale draconian skeleton (Crypt:1)
  A shadow dragon simulacrum (Crypt:1)
  7 trolls
  19 hornets
  4 spectral swamp dragons (Swamp:4)
  4 alligator zombies (Swamp:4)
  14 dream sheep
  28 slime creatures
  7 raiju (Abyss:3)
  15 tarantellas
  8 blink frogs
  12 tyrant leeches
  2 harpy skeletons
  A raiju (shapeshifter) (D:14)
  2 blink frogs (shapeshifter)
  20 jumping spiders
  2 shadows
  A jumping spider (shapeshifter) (Vaults:5)
  14 starcursed masses
  2 ettin skeletons
  21 culicivoras
  40 flying skulls
  2 guardian serpent skeletons
  A black mamba zombie (Crypt:2)
  A deep troll skeleton (Vaults:1)
  3 water elementals (Depths:1)
  7 ushabtiu
  8 wraiths
  A centaur simulacrum (Crypt:2)
  A ynoxinul (Abyss:3)
  2 wyverns (Lair:5)
  Grum (D:8)
  79 yaks
  6 basilisks
  7 fire elementals (Spider:1)
  3 chaos spawn
  Eustachio (D:5)
  18 vampire mosquitoes
  2 steam dragons
  A red draconian simulacrum (Zot:1)
  4 golden eyes (Abyss:3)
  A green draconian simulacrum (Zot:1)
  72 redbacks
  A neqoxec (Abyss:3)
  A spatial vortex (Abyss:3)
  7 wargs (Orc:2)
  Edmund (D:5)
  12 swamp worms
  12 water moccasins
  A hell hound (Spider:1)
  2 acid dragons
  2 fire bat skeletons
  A demonspawn skeleton (Crypt:1)
  A water nymph skeleton (Crypt:1)
  6 ice beasts
  4 sky beasts
  36 orc warriors
  3 swamp dragon zombies (Swamp:4)
  2 black bears (D:7)
  5 wolves
  8 ogres
  16 centaurs
  7 phantoms
  A blink frog skeleton (Crypt:1)
  A fire crab zombie (Crypt:2)
  A draconian skeleton (Crypt:2)
  A human zombie (Vaults:1)
  A gnoll sergeant (D:11)
  A naga simulacrum (Abyss:2)
  4 scorpions
  An elf zombie (Crypt:1)
  3 kobold brigands
  17 bullfrogs
  An earth elemental (Abyss:3)
  2 necrophages
  12 howler monkeys
  7 electric eels
  4 small abominations (Depths:3)
  A quasit (Abyss:3)
  4 jellies
  4 hounds
  15 orc priests
  5 gnoll boudas
  An iron imp (Abyss:2)
  Ijyb (D:5)
  2 iguanas
  27 orc wizards
  A spectral swamp drake (Swamp:4)
  2 hell rats (Lair:1)
  An ogre zombie (Crypt:1)
  An acid dragon zombie (Crypt:2)
  36 mummies
  14 adders
  12 gnolls
  20 river rats
  2 shadow imps
  4 white imps
  4 ufetubi
  A worm (D:4)
  3 dart slugs
  83 orcs
  4 endoplasms
  5 giant cockroaches
  11 goblins
  6 hobgoblins
  7 jackals
  26 kobolds
  4 quokkas
  12 ball pythons
  A ball python zombie (Crypt:1)
  4 bats
  3 frilled lizards
  A kobold skeleton (Crypt:1)
  A kobold zombie (Crypt:2)
  23 rats
  A snaplasher vine (Depths:2)
2361 creatures vanquished.

Vanquished Creatures (collateral kills)
  9 royal mummies
  A bone dragon (Crypt:3)
  2 liches (Crypt:3)
  2 ancient champions (Tomb:3)
  A daeva (Pan)
  A fire giant (Crypt:3)
  2 frost giants (Crypt:3)
  A war gargoyle (Crypt:3)
  A bennu (Tomb:2)
  An ophan (Pan)
  An apis (Pan)
  A vampire knight (Crypt:3)
  A red draconian (Crypt:3)
  2 crystal guardians (Crypt:3)
  5 mummy priests
  7 death scarabs (Tomb:3)
  A dancing weapon (Crypt:3)
  2 hell knights (Crypt:3)
  8 skeletal warriors
  A deep elf archer (Crypt:3)
  A deep elf pyromancer (Crypt:3)
  A centaur zombie (Crypt:3)
  A titan simulacrum (Tomb:3)
  A dire elephant skeleton (Crypt:3)
  9 guardian mummies
  2 flying skulls
  An ettin skeleton (Tomb:3)
  A black mamba skeleton (Crypt:3)
  4 ushabtiu
  10 mummies
81 creatures vanquished.

Vanquished Creatures (others)
  A titan (Crypt:2)
  2 storm dragons
  A ghost moth (Zot:3)
  A purple draconian (Zot:2)
  A white draconian (Zot:2)
  A spriggan (Swamp:4)
  2 wizards
  A phantasmal warrior (Swamp:4)
  3 bloated husks (Swamp:4)
  A hornet (Swamp:4)
  A moth of wrath simulacrum (Zot:1)
  A swamp drake (Swamp:1)
  A phantom (Swamp:4)
  24 foxfires
  47 fungi
  A lurking horror (Abyss:3)
  65 plants
  2 starspawn tentacles (Abyss:3)
156 creatures vanquished.

Grand Total: 2598 creatures vanquished

Notes
Turn   | Place    | Note
-------+----------+-------------------------------------------
     0 | D:1      | qw the Gargoyle Fighter began the quest for the Orb.
     0 | D:1      | Reached XP level 1. HP: 14/14 MP: 1/1
     0 | D:1      | 0 ||| qw: Version: 0.2-a-12-gaebbb33
     0 | D:1      | 0 ||| qw: Game counter: 1366
     0 | D:1      | 0 ||| qw: Always use a shield: true
     0 | D:1      | 0 ||| qw: God list: Okawaru
     0 | D:1      | 0 ||| qw: Allow faded altars: false
     0 | D:1      | 0 ||| qw: Do Orc after D:15 true
     0 | D:1      | 0 ||| qw: Do second Lair branch before Depths: true
     0 | D:1      | 0 ||| qw: Lair rune preference: random
     0 | D:1      | 0 ||| qw: Plans: Normal, Zot:1-4, God:TSO, Crypt, Tomb,
                  | Pan, Slime:5, Hells, Abyss, Orb
     0 | D:1      | 0 ||| PLANNING D:1-11
   128 | D:1      | Reached XP level 2. HP: 18/19 MP: 2/2
   194 | D:1      | 194 ||| Stepping ~*~*~tactically~*~*~ (stealth).
   195 | D:1      | 195 ||| Stepping ~*~*~tactically~*~*~ (stealth).
   409 | D:1      | 409 ||| UPGRADING to ring of see invisible.
   410 | D:1      | 410 ||| READING scroll labelled TUTEKA TIWIE.
   411 | D:1      | 411 ||| DRINKING 2 yellow potions.
   644 | D:2      | Reached skill level 3 in Axes
   652 | D:2      | Reached XP level 3. HP: 19/23 MP: 3/3
   921 | D:2      | 921 ||| Stepping ~*~*~tactically~*~*~ (hiding).
  1358 | D:2      | 1358 ||| UPGRADING to +1 helmet.
  1363 | D:2      | 1363 ||| READING 2 scrolls labelled SYETIB KAFE.
  1367 | D:2      | 1367 ||| READING scroll labelled CUM ZIDOOSHRIE.
  1368 | D:2      | 1368 ||| DRINKING 2 black potions.
  1369 | D:2      | 1369 ||| DRINKING 2 pink potions.
  1369 | D:2      | Gained mutation: Your large and strong wings let you fly.
                  | [potion of mutation]
  1369 | D:2      | Gained mutation: You are partially covered in iridescent
                  | scales. (AC +2) [potion of mutation]
  1369 | D:2      | Gained mutation: You are robust. (+10% HP) [potion of
                  | mutation]
  1398 | D:3      | 1398 ||| PLANNING SEWER
  1406 | D:3      | 1406 ||| STAIRDANCE
  1508 | D:3      | Found a stormy altar of Qazlal.
  1510 | D:3      | Noticed an air elemental
  1511 | D:3      | Noticed an earth elemental
  1511 | D:3      | Noticed a water elemental
  1511 | D:3      | Noticed a fire elemental
  1546 | D:3      | Found a runed translucent door.
  1547 | D:3      | Noticed a bullfrog
  1547 | D:3      | Noticed qw's ghost (amateur GrFi)
  1678 | D:3      | 1678 ||| Stepping ~*~*~tactically~*~*~ (stealth).
  1694 | D:3      | Reached XP level 4. HP: 27/30 MP: 4/4
  1750 | D:3      | 1750 ||| Stepping ~*~*~tactically~*~*~ (hiding).
  1808 | D:3      | 1808 ||| Stepping ~*~*~tactically~*~*~ (stealth).
  1932 | D:3      | 1932 ||| Stepping ~*~*~tactically~*~*~ (stealth).
  1933 | D:3      | 1933 ||| Stepping ~*~*~tactically~*~*~ (stealth).
  1935 | D:3      | 1935 ||| Stepping ~*~*~tactically~*~*~ (stealth).
  2008 | D:3      | 2008 ||| Stepping ~*~*~tactically~*~*~ (stealth).
  2034 | D:3      | Found a glowing drain.
  2035 | D:3      | 2035 ||| READING scroll labelled LYKLAL QYEJIAS.
  2036 | D:3      | 2036 ||| DRINKING 2 orange potions.
  2037 | D:3      | 2037 ||| READING 3 scrolls of identify.
  2037 | D:3      | 2037 ||| IDENTIFYING purple potion
  2038 | D:3      | 2038 ||| READING 2 scrolls of identify.
  2038 | D:3      | 2038 ||| IDENTIFYING brown potion
  2039 | D:3      | 2039 ||| DROPPING potion of brilliance.
  2042 | D:3      | 2042 ||| FLEEEEING.
  2043 | D:3      | 2043 ||| FLEEEEING.
  2045 | D:3      | 2045 ||| FLEEEEING.
  2046 | D:3      | 2046 ||| FLEEEEING.
  2047 | D:3      | 2047 ||| FLEEEEING.
  2083 | Sewer    | Entered a sewer
  2107 | Sewer    | Reached XP level 5. HP: 35/35 MP: 5/5
  2183 | Sewer    | Noticed a kobold brigand
  2196 | Sewer    | Killed a kobold brigand
  2381 | Sewer    | 2381 ||| DROPPING +0 club.
  2681 | Sewer    | Reached XP level 6. HP: 41/41 MP: 6/6
  2817 | Sewer    | 2817 ||| Stepping ~*~*~tactically~*~*~ (stealth).
  2828 | Sewer    | 2828 ||| Stepping ~*~*~tactically~*~*~ (stealth).
  2836 | Sewer    | 2836 ||| Stepping ~*~*~tactically~*~*~ (stealth).
  2837 | Sewer    | 2837 ||| Stepping ~*~*~tactically~*~*~ (stealth).
  2841 | Sewer    | Reached skill level 1 in Dodging
  2870 | Sewer    | 2870 ||| Stepping ~*~*~tactically~*~*~ (stealth).
  2874 | Sewer    | 2874 ||| Stepping ~*~*~tactically~*~*~ (stealth).
  2935 | Sewer    | 2935 ||| Stepping ~*~*~tactically~*~*~ (stealth).
  2936 | Sewer    | 2936 ||| Stepping ~*~*~tactically~*~*~ (stealth).
  3390 | Sewer    | 3390 ||| DRINKING 3 smoky coppery potions.
  3391 | Sewer    | 3391 ||| DRINKING 2 metallic puce potions.
  3392 | Sewer    | 3392 ||| READING 2 scrolls of identify.
  3392 | Sewer    | 3392 ||| IDENTIFYING fizzy blue potion
  3393 | Sewer    | 3393 ||| DROPPING 2 potions of invisibility.
  3394 | Sewer    | 3394 ||| DROPPING potion of magic.
  3436 | Sewer    | 3436 ||| UPGRADING to +0 chain mail.
  3446 | Sewer    | 3446 ||| DROPPING +0 scale mail.
  3449 | D:3      | 3449 ||| PLANNING D:1-11
  3482 | D:3      | 3482 ||| Stepping ~*~*~tactically~*~*~ (stealth).
  3663 | D:3      | Found a broken altar of Ashenzari.
  3754 | D:3      | 3754 ||| Stepping ~*~*~tactically~*~*~ (stealth).
  3826 | D:3      | 3826 ||| UPGRADING to +6 ring of strength.
  3892 | D:4      | Found a glowing silver altar of Zin.
  3952 | D:4      | Reached skill level 6 in Axes
  3954 | D:4      | 3954 ||| Stepping ~*~*~tactically~*~*~ (stealth).
  3999 | D:4      | Reached XP level 7. HP: 43/47 MP: 7/7
  4080 | D:4      | Found a radiant altar of Vehumet.
  4176 | D:4      | Found a staircase to the Ecumenical Temple.
  4177 | D:4      | 4177 ||| PLANNING TEMPLE
  4214 | D:4      | 4214 ||| Stepping ~*~*~tactically~*~*~ (stealth).
  4256 | D:4      | Found a burning altar of Makhleb.
  4298 | Temple   | Entered the Ecumenical Temple
  4322 | Temple   | 4322 ||| PLANNING OKAWARU WORSHIP
  4460 | Temple   | Became a worshipper of Warmaster Okawaru
  4461 | Temple   | 4461 ||| PLANNING D:1-11
  4665 | D:4      | 4665 ||| Stepping ~*~*~tactically~*~*~ (hiding).
  4672 | D:4      | 4672 ||| Stepping ~*~*~tactically~*~*~ (hiding).
  4743 | D:4      | 4743 ||| DRINKING 3 potions of curing.
  4743 | D:4      | 4743 ||| (to cure confusion)
  4786 | D:4      | 4786 ||| Stepping ~*~*~tactically~*~*~ (hiding).
  4796 | D:4      | 4796 ||| Stepping ~*~*~tactically~*~*~ (stealth).
  5027 | D:4      | 5027 ||| Stepping ~*~*~tactically~*~*~ (hiding).
  5454 | D:4      | 5454 ||| READING scroll labelled GUSEF OCZEQ.
  5455 | D:4      | 5455 ||| READING 2 scrolls labelled NES NAMIMU.
  5456 | D:4      | 5456 ||| READING scroll labelled ONUCWA CUEB.
  5457 | D:4      | 5457 ||| DROPPING scroll of poison.
  5472 | D:5      | Entered Level 5 of the Dungeon
  5491 | D:5      | Noticed Eustachio
  5508 | D:5      | HP: 6/48 [white imp/puff of frost[Eustachio] (12)]
  5509 | D:5      | 5509 ||| READING scroll of teleportation.
  5510 | D:5      | 5510 ||| DRINKING 2 potions of heal wounds.
  5527 | D:5      | HP: 9/48 [centaur (4)]
  5528 | D:5      | 5528 ||| DRINKING potion of heal wounds.
  5532 | D:5      | Killed Eustachio
  5533 | D:5      | Reached XP level 8. HP: 32/55 MP: 8/8
  5825 | D:5      | Reached * piety under Okawaru
  5847 | D:5      | Noticed Edmund
  5848 | D:5      | 5848 ||| INVOKING Heroism.
  5859 | D:5      | 5859 ||| INVOKING Heroism.
  5864 | D:5      | Killed Edmund
  5865 | D:5      | Reached skill level 1 in Invocations
  5866 | D:5      | Reached skill level 6 in Fighting
  5898 | D:5      | 5898 ||| DROPPING +0 whip.
  5979 | D:5      | 5979 ||| INVOKING Heroism.
  6119 | D:5      | 6119 ||| Stepping ~*~*~tactically~*~*~ (hiding).
  6120 | D:5      | 6120 ||| Stepping ~*~*~tactically~*~*~ (hiding).
  6123 | D:5      | 6123 ||| INVOKING Heroism.
  6131 | D:5      | Reached skill level 1 in Throwing
  6154 | D:5      | 6154 ||| UPGRADING to +0 plate armour.
  6164 | D:5      | 6164 ||| DROPPING +0 chain mail.
  6165 | D:5      | 6165 ||| READING 2 scrolls of identify.
  6165 | D:5      | 6165 ||| IDENTIFYING emerald potion
  6166 | D:5      | 6166 ||| DROPPING potion of ambrosia.
  6167 | D:5      | 6167 ||| Stepping randomly (stuck).
  6168 | D:5      | 6168 ||| Stepping randomly (stuck).
  6169 | D:5      | 6169 ||| Stepping randomly (stuck).
  6171 | D:5      | 6171 ||| Stepping randomly (stuck).
  6172 | D:5      | 6172 ||| Stepping randomly (stuck).
  6173 | D:5      | 6173 ||| INVOKING Heroism.
  6246 | D:5      | 6246 ||| INVOKING Heroism.
  6250 | D:5      | Reached skill level 3 in Invocations
  6332 | D:5      | Noticed Ijyb
  6333 | D:5      | 6333 ||| Stepping ~*~*~tactically~*~*~ (hiding).
  6336 | D:5      | 6336 ||| INVOKING Heroism.
  6345 | D:5      | Killed Ijyb
  6346 | D:5      | 6346 ||| Stepping ~*~*~tactically~*~*~ (hiding).
  6489 | D:5      | Reached XP level 9. HP: 55/60 MP: 10/12
  6634 | D:5      | 6634 ||| INVOKING Heroism.
  6753 | D:5      | 6753 ||| UPGRADING to +1 pair of boots.
  6758 | D:5      | 6758 ||| READING scroll labelled KATYBUARGHA.
  6831 | D:6      | 6831 ||| INVOKING Heroism.
  6853 | D:6      | 6853 ||| Stepping ~*~*~tactically~*~*~ (stealth).
  6974 | D:6      | 6974 ||| Stepping ~*~*~tactically~*~*~ (stealth).
  6976 | D:6      | 6976 ||| INVOKING Heroism.
  7061 | D:6      | 7061 ||| DRINKING 2 coppery potions.
  7062 | D:6      | 7062 ||| Stepping randomly (stuck).
  7063 | D:6      | 7063 ||| Stepping randomly (stuck).
  7064 | D:6      | 7064 ||| Stepping randomly (stuck).
  7065 | D:6      | 7065 ||| Stepping randomly (stuck).
  7066 | D:6      | 7066 ||| Stepping randomly (stuck).
  7067 | D:6      | 7067 ||| Stepping randomly (stuck).
  7068 | D:6      | 7068 ||| Stepping randomly (stuck).
  7069 | D:6      | 7069 ||| Stepping randomly (stuck).
  7070 | D:6      | 7070 ||| Stepping randomly (stuck).
  7071 | D:6      | 7071 ||| Stepping randomly (stuck).
  7072 | D:6      | 7072 ||| Stepping randomly (stuck).
  7073 | D:6      | 7073 ||| Stepping randomly (stuck).
  7074 | D:6      | 7074 ||| Stepping randomly (stuck).
  7075 | D:6      | 7075 ||| Stepping randomly (stuck).
  7076 | D:6      | 7076 ||| Stepping randomly (stuck).
  7077 | D:6      | 7077 ||| Stepping randomly (stuck).
  7078 | D:6      | 7078 ||| Stepping randomly (stuck).
  7079 | D:6      | 7079 ||| Stepping randomly (stuck).
  7080 | D:6      | 7080 ||| Stepping randomly (stuck).
  7087 | D:6      | 7087 ||| Stepping randomly (stuck).
  7088 | D:6      | 7088 ||| Stepping randomly (stuck).
  7153 | D:6      | 7153 ||| Stepping ~*~*~tactically~*~*~ (stealth).
  7171 | D:6      | 7171 ||| Stepping ~*~*~tactically~*~*~ (stealth).
  7173 | D:6      | 7173 ||| Stepping ~*~*~tactically~*~*~ (stealth).
  7174 | D:6      | 7174 ||| Stepping ~*~*~tactically~*~*~ (stealth).
  7175 | D:6      | 7175 ||| Stepping ~*~*~tactically~*~*~ (stealth).
  7337 | D:6      | Identified the +6 short sword of Bupo {speed, rN+}
  7338 | D:6      | 7338 ||| Stepping ~*~*~tactically~*~*~ (stealth).
  7486 | D:6      | Found a sparkling altar of Nemelex Xobeh.
  7744 | D:6      | 7744 ||| Stepping ~*~*~tactically~*~*~ (stealth).
  7762 | D:7      | Reached skill level 9 in Axes
  7762 | D:7      | 7762 ||| STAIRDANCE
  7860 | D:7      | Found a blossoming altar of Fedhas.
  7862 | D:7      | 7862 ||| INVOKING Heroism.
  7922 | D:7      | Found a hide-covered altar of Uskayaw.
  7924 | D:7      | 7924 ||| Stepping ~*~*~tactically~*~*~ (stealth).
  7926 | D:7      | 7926 ||| INVOKING Heroism.
  7962 | D:7      | 7962 ||| INVOKING Heroism.
  8054 | D:7      | 8054 ||| Stepping ~*~*~tactically~*~*~ (stealth).
  8192 | D:7      | 8192 ||| Stepping ~*~*~tactically~*~*~ (hiding).
  8195 | D:7      | 8195 ||| Stepping ~*~*~tactically~*~*~ (hiding).
  8270 | D:7      | 8270 ||| Stepping ~*~*~tactically~*~*~ (cloud).
  8271 | D:7      | 8271 ||| INVOKING Heroism.
  8359 | D:7      | Found a bloodstained altar of Trog.
  8398 | D:7      | Found an ancient bone altar of Kikubaaqudgha.
  8425 | D:7      | Identified the +4 long sword of Armageddon {vorpal, Drain
                  | rPois Str+5 Dex+2}
  8707 | D:7      | Found a shadowy altar of Dithmenos.
  8707 | D:7      | Found a hazy altar of Hepliaklqana.
  8874 | D:7      | 8874 ||| READING scroll labelled WEOSEDW WIWIC.
  8938 | D:7      | 8938 ||| READING 2 scrolls of identify.
  8938 | D:7      | 8938 ||| IDENTIFYING fizzy orange potion
  8956 | D:8      | Found an ornate altar of the Wu Jian Council.
  8957 | D:8      | 8957 ||| Stepping ~*~*~tactically~*~*~ (hiding).
  8970 | D:8      | 8970 ||| INVOKING Heroism.
  8995 | D:8      | 8995 ||| Stepping ~*~*~tactically~*~*~ (stealth).
  8997 | D:8      | 8997 ||| Stepping ~*~*~tactically~*~*~ (stealth).
  9001 | D:8      | 9001 ||| FLEEEEING.
  9002 | D:8      | 9002 ||| STAIRDANCE
  9105 | D:8      | 9105 ||| Stepping ~*~*~tactically~*~*~ (hiding).
  9115 | D:8      | Reached skill level 6 in Armour
  9192 | D:8      | 9192 ||| INVOKING Heroism.
  9368 | D:8      | 9368 ||| INVOKING Heroism.
  9371 | D:8      | Reached ** piety under Okawaru
  9372 | D:8      | Reached XP level 10. HP: 69/69 MP: 10/13
  9401 | D:8      | 9401 ||| Stepping ~*~*~tactically~*~*~ (hiding).
  9542 | D:8      | 9542 ||| Stepping ~*~*~tactically~*~*~ (stealth).
  9548 | D:8      | 9548 ||| Stepping ~*~*~tactically~*~*~ (stealth).
  9549 | D:8      | 9549 ||| INVOKING Heroism.
  9760 | D:8      | Found a snail-covered altar of Cheibriados.
  9761 | D:8      | Noticed a boulder beetle
  9762 | D:8      | 9762 ||| INVOKING Heroism.
  9784 | D:8      | 9784 ||| INVOKING Heroism.
  9798 | D:8      | Killed a boulder beetle
  9798 | D:8      | Reached *** piety under Okawaru
 10206 | D:8      | Noticed Grum
 10207 | D:8      | 10207 ||| Stepping ~*~*~tactically~*~*~ (hiding).
 10210 | D:8      | 10210 ||| Stepping ~*~*~tactically~*~*~ (hiding).
 10212 | D:8      | 10212 ||| INVOKING Heroism.
 10222 | D:8      | Killed Grum
 10259 | D:8      | 10259 ||| READING scroll labelled EROPU KUSSUTUTE.
 10290 | D:9      | 10290 ||| INVOKING Heroism.
 10445 | D:9      | Noticed a brown ugly thing
 10464 | D:9      | 10464 ||| INVOKING Heroism.
 10465 | D:9      | Killed a brown ugly thing
 10465 | D:9      | Reached **** piety under Okawaru
 10646 | D:9      | 10646 ||| DROPPING +2 flail of holy wrath.
 10807 | D:9      | 10807 ||| Stepping ~*~*~tactically~*~*~ (stealth).
 10809 | D:9      | 10809 ||| INVOKING Heroism.
 10845 | D:9      | 10845 ||| INVOKING Heroism.
 10865 | D:9      | Reached XP level 11. HP: 66/74 MP: 14/14
 10866 | D:9      | Received a gift from Okawaru
 11091 | D:9      | 11091 ||| UPGRADING to +2 cloak.
 11114 | D:10     | Entered Level 10 of the Dungeon
 11134 | D:10     | 11134 ||| INVOKING Heroism.
 11287 | D:10     | Found a transporter.
 11294 | D:10     | 11294 ||| INVOKING Heroism.
 11295 | D:10     | 11295 ||| DRINKING 4 potions of curing.
 11295 | D:10     | 11295 ||| (to cure confusion)
 11311 | D:10     | 11311 ||| Stepping ~*~*~tactically~*~*~ (stealth).
 11313 | D:10     | 11313 ||| Stepping ~*~*~tactically~*~*~ (stealth).
 11314 | D:10     | 11314 ||| Stepping ~*~*~tactically~*~*~ (stealth).
 11324 | D:10     | 11324 ||| FLEEEEING.
 11325 | D:10     | 11325 ||| FLEEEEING.
 11326 | D:10     | 11326 ||| FLEEEEING.
 11327 | D:10     | 11327 ||| FLEEEEING.
 11328 | D:10     | 11328 ||| FLEEEEING.
 11329 | D:10     | 11329 ||| FLEEEEING.
 11330 | D:10     | 11330 ||| FLEEEEING.
 11331 | D:10     | 11331 ||| FLEEEEING.
 11332 | D:10     | 11332 ||| FLEEEEING.
 11333 | D:10     | 11333 ||| FLEEEEING.
 11334 | D:10     | 11334 ||| FLEEEEING.
 11335 | D:10     | 11335 ||| FLEEEEING.
 11336 | D:10     | 11336 ||| FLEEEEING.
 11337 | D:10     | 11337 ||| FLEEEEING.
 11338 | D:10     | 11338 ||| FLEEEEING.
 11339 | D:10     | 11339 ||| FLEEEEING.
 11340 | D:10     | 11340 ||| FLEEEEING.
 11341 | D:10     | 11341 ||| FLEEEEING.
 11342 | D:10     | 11342 ||| STAIRDANCE
 11375 | D:9      | 11375 ||| READING 2 scrolls of identify.
 11375 | D:9      | 11375 ||| IDENTIFYING sapphire potion
 11376 | D:9      | 11376 ||| DROPPING potion of flight.
 11416 | D:10     | Noticed a moth of wrath
 11422 | D:10     | Found a bloodstained altar of Trog.
 11422 | D:10     | Noticed qw's ghost (journeyman GrFi)
 11445 | D:10     | Identified the +4 ring mail of the Barber Surgeon {rElec
                  | Int+4}
 11445 | D:10     | Noticed Erolcha
 11446 | D:10     | 11446 ||| INVOKING Heroism.
 11454 | D:10     | Killed Erolcha
 11455 | D:10     | Reached skill level 6 in Invocations
 11650 | D:10     | 11650 ||| INVOKING Heroism.
 11685 | D:10     | Found a transporter.
 11693 | D:10     | Noticed a tengu warrior
 11706 | D:10     | Noticed a two-headed ogre
 11767 | D:10     | Noticed a two-headed ogre
 11768 | D:10     | 11768 ||| INVOKING Heroism.
 11770 | D:10     | You are sucked into a shaft and drop 3 floors!
 11789 | D:13     | Noticed a cyclops
 11796 | D:13     | 11796 ||| Stepping ~*~*~tactically~*~*~ (stealth).
 11797 | D:13     | 11797 ||| INVOKING Heroism.
 11800 | D:13     | Killed a cyclops
 11808 | D:13     | Noticed a centaur warrior
 11826 | D:13     | 11826 ||| INVOKING Heroism.
 11829 | D:13     | Killed a centaur warrior
 11830 | D:13     | Reached skill level 9 in Fighting
 12025 | D:13     | 12025 ||| Stepping ~*~*~tactically~*~*~ (hiding).
 12026 | D:13     | 12026 ||| Stepping ~*~*~tactically~*~*~ (hiding).
 12027 | D:13     | 12027 ||| Stepping ~*~*~tactically~*~*~ (hiding).
 12029 | D:13     | 12029 ||| Stepping ~*~*~tactically~*~*~ (hiding).
 12031 | D:13     | 12031 ||| Stepping ~*~*~tactically~*~*~ (hiding).
 12071 | D:13     | 12071 ||| READING scroll labelled QOMYUVITAD.
 12072 | D:13     | 12072 ||| READING 2 scrolls of identify.
 12072 | D:13     | 12072 ||| IDENTIFYING metallic green potion
 12073 | D:13     | 12073 ||| DROPPING potion of berserk rage.
 12078 | D:13     | Noticed a centaur warrior
 12079 | D:13     | 12079 ||| Stepping ~*~*~tactically~*~*~ (hiding).
 12096 | D:13     | 12096 ||| INVOKING Heroism.
 12099 | D:13     | Killed a centaur warrior
 12099 | D:13     | Reached ***** piety under Okawaru
 12099 | D:13     | Received a gift from Okawaru
 12100 | D:13     | Reached skill level 3 in Throwing
 12217 | D:12     | 12217 ||| INVOKING Heroism.
 12348 | D:12     | 12348 ||| INVOKING Heroism.
 12502 | D:12     | 12502 ||| INVOKING Heroism.
 12515 | D:12     | 12515 ||| Stepping ~*~*~tactically~*~*~ (cloud).
 12555 | D:12     | 12555 ||| INVOKING Heroism.
 12628 | D:12     | 12628 ||| Stepping ~*~*~tactically~*~*~ (stealth).
 12630 | D:12     | 12630 ||| Stepping ~*~*~tactically~*~*~ (stealth).
 12635 | D:12     | 12635 ||| INVOKING Heroism.
 12646 | D:12     | Received a gift from Okawaru
 12652 | D:12     | Reached skill level 9 in Invocations
 12654 | D:12     | Reached XP level 12. HP: 52/83 MP: 18/18
 12679 | D:12     | 12679 ||| Stepping ~*~*~tactically~*~*~ (stealth).
 12808 | D:12     | 12808 ||| Stepping ~*~*~tactically~*~*~ (stealth).
 12810 | D:12     | 12810 ||| INVOKING Heroism.
 13085 | D:11     | 13085 ||| Stepping ~*~*~tactically~*~*~ (hiding).
 13096 | D:11     | 13096 ||| INVOKING Heroism.
 13113 | D:11     | Received a gift from Okawaru
 13270 | D:11     | 13270 ||| Stepping ~*~*~tactically~*~*~ (stealth).
 13287 | D:11     | 13287 ||| Stepping ~*~*~tactically~*~*~ (stealth).
 13292 | D:11     | 13292 ||| INVOKING Heroism.
 13307 | D:11     | Noticed a boulder beetle
 13308 | D:11     | 13308 ||| INVOKING Finesse.
 13312 | D:11     | Reached skill level 12 in Axes
 13361 | D:11     | 13361 ||| INVOKING Heroism.
 13363 | D:11     | 13363 ||| INVOKING Finesse.
 13364 | D:11     | Killed a boulder beetle
 13365 | D:11     | Reached skill level 6 in Shields
 13406 | D:11     | 13406 ||| INVOKING Heroism.
 13418 | D:11     | Found a staircase to the Lair.
 13767 | D:11     | 13767 ||| INVOKING Heroism.
 14018 | D:10     | 14018 ||| Stepping ~*~*~tactically~*~*~ (hiding).
 14085 | D:10     | 14085 ||| Stepping ~*~*~tactically~*~*~ (stealth).
 14088 | D:10     | 14088 ||| Stepping ~*~*~tactically~*~*~ (stealth).
 14089 | D:10     | 14089 ||| Stepping ~*~*~tactically~*~*~ (stealth).
 14330 | D:10     | Killed a two-headed ogre
 14330 | D:10     | Identified the +0 tower shield of Catatonia {Int+7}
                  | (Okawaru gifted it to you on level 10 of the Dungeon)
 14330 | D:10     | Received a gift from Okawaru
 14450 | D:10     | 14450 ||| PLANNING LAIR
 14450 | D:10     | 14450 ||| UPGRADING to +0 tower shield of Catatonia
                  | {Int+7}.
 14460 | D:10     | 14460 ||| DROPPING +0 buckler.
 14461 | D:10     | 14461 ||| READING scroll labelled JYJOES BAGGUX.
 14548 | Lair:1   | Entered Level 1 of the Lair of Beasts
 14646 | Lair:1   | 14646 ||| INVOKING Heroism.
 14664 | Lair:1   | 14664 ||| Stepping ~*~*~tactically~*~*~ (stealth).
 14839 | Lair:1   | 14839 ||| Stepping ~*~*~tactically~*~*~ (stealth).
 14840 | Lair:1   | 14840 ||| INVOKING Heroism.
 14908 | Lair:1   | 14908 ||| Stepping ~*~*~tactically~*~*~ (stealth).
 14929 | Lair:1   | 14929 ||| Stepping ~*~*~tactically~*~*~ (stealth).
 14935 | Lair:1   | 14935 ||| Stepping ~*~*~tactically~*~*~ (stealth).
 14942 | Lair:1   | 14942 ||| Stepping ~*~*~tactically~*~*~ (stealth).
 14945 | Lair:1   | 14945 ||| INVOKING Heroism.
 14977 | Lair:1   | Reached skill level 9 in Shields
 15004 | Lair:1   | 15004 ||| Stepping ~*~*~tactically~*~*~ (stealth).
 15252 | Lair:1   | Reached XP level 13. HP: 63/88 MP: 20/20
 15627 | Lair:1   | 15627 ||| Stepping ~*~*~tactically~*~*~ (stealth).
 15633 | Lair:1   | 15633 ||| Stepping ~*~*~tactically~*~*~ (stealth).
 15642 | Lair:1   | 15642 ||| Stepping ~*~*~tactically~*~*~ (stealth).
 15699 | Lair:1   | 15699 ||| Stepping ~*~*~tactically~*~*~ (stealth).
 15700 | Lair:1   | 15700 ||| Stepping ~*~*~tactically~*~*~ (stealth).
 15721 | Lair:1   | 15721 ||| Stepping ~*~*~tactically~*~*~ (stealth).
 15722 | Lair:1   | 15722 ||| Stepping ~*~*~tactically~*~*~ (stealth).
 15726 | Lair:1   | 15726 ||| Stepping ~*~*~tactically~*~*~ (stealth).
 15729 | Lair:1   | 15729 ||| Stepping ~*~*~tactically~*~*~ (stealth).
 15748 | Lair:1   | 15748 ||| Stepping ~*~*~tactically~*~*~ (stealth).
 15814 | Lair:2   | 15814 ||| INVOKING Heroism.
 15938 | Lair:2   | 15938 ||| DROPPING +2 flail of protection.
 15957 | Lair:2   | 15957 ||| FLEEEEING.
 15957 | Lair:2   | Found a hole to the Spider Nest.
 15958 | Lair:2   | 15958 ||| STAIRDANCE
 16045 | Lair:2   | 16045 ||| Stepping ~*~*~tactically~*~*~ (hiding).
 16083 | Lair:2   | 16083 ||| INVOKING Heroism.
 16182 | Lair:2   | 16182 ||| INVOKING Heroism.
 16439 | Lair:2   | 16439 ||| READING 3 scrolls labelled XACOIRIFFE.
 16540 | Lair:2   | 16540 ||| READING scroll labelled LUR DEWUTSIMA.
 16541 | Lair:2   | 16541 ||| DROPPING 2 scrolls of silence.
 16617 | Lair:3   | 16617 ||| INVOKING Heroism.
 16618 | Lair:3   | 16618 ||| Stepping ~*~*~tactically~*~*~ (stealth).
 16656 | Lair:3   | 16656 ||| INVOKING Heroism.
 16784 | Lair:3   | 16784 ||| INVOKING Heroism.
 16828 | Lair:3   | 16828 ||| Stepping ~*~*~tactically~*~*~ (stealth).
 16830 | Lair:3   | 16830 ||| INVOKING Heroism.
 16834 | Lair:3   | 16834 ||| Stepping ~*~*~tactically~*~*~ (stealth).
 16855 | Lair:3   | Reached skill level 12 in Shields
 16992 | Lair:3   | 16992 ||| INVOKING Heroism.
 17022 | Lair:3   | Received a gift from Okawaru
 17053 | Lair:3   | 17053 ||| Stepping ~*~*~tactically~*~*~ (stealth).
 17059 | Lair:3   | 17059 ||| Stepping ~*~*~tactically~*~*~ (stealth).
 17062 | Lair:3   | 17062 ||| INVOKING Heroism.
 17064 | Lair:3   | 17064 ||| Stepping ~*~*~tactically~*~*~ (stealth).
 17257 | Lair:3   | 17257 ||| INVOKING Heroism.
 17273 | Lair:3   | 17273 ||| INVOKING Finesse.
 17275 | Lair:3   | 17275 ||| Stepping ~*~*~tactically~*~*~ (stealth).
 17278 | Lair:3   | 17278 ||| SWAPPING to +0 morningstar.
 17289 | Lair:3   | 17289 ||| SWAPPING to +0 war axe of electrocution.
 17291 | Lair:3   | 17291 ||| SWAPPING to +0 morningstar.
 17304 | Lair:3   | 17304 ||| SWAPPING to +0 war axe of electrocution.
 17335 | Lair:3   | 17335 ||| FLEEEEING.
 17336 | Lair:3   | 17336 ||| FLEEEEING.
 17380 | Lair:3   | Found a staircase to the Swamp.
 17772 | Lair:4   | 17772 ||| STAIRDANCE
 17804 | Lair:4   | 17804 ||| INVOKING Heroism.
 17858 | Lair:4   | 17858 ||| Stepping ~*~*~tactically~*~*~ (stealth).
 17860 | Lair:4   | 17860 ||| Stepping ~*~*~tactically~*~*~ (hiding).
 17863 | Lair:4   | 17863 ||| INVOKING Heroism.
 18029 | Lair:4   | 18029 ||| INVOKING Heroism.
 18030 | Lair:4   | 18030 ||| INVOKING Finesse.
 18032 | Lair:4   | 18032 ||| SWAPPING to +0 morningstar.
 18040 | Lair:4   | 18040 ||| SWAPPING to +0 war axe of electrocution.
 18081 | Lair:4   | Reached skill level 9 in Armour
 18203 | Lair:4   | 18203 ||| INVOKING Heroism.
 18204 | Lair:4   | 18204 ||| INVOKING Finesse.
 18206 | Lair:4   | 18206 ||| SWAPPING to +0 morningstar.
 18211 | Lair:4   | 18211 ||| Stepping ~*~*~tactically~*~*~ (outnumbered).
 18217 | Lair:4   | Received a gift from Okawaru
 18218 | Lair:4   | 18218 ||| SWAPPING to +0 war axe of electrocution.
 18390 | Lair:4   | 18390 ||| INVOKING Heroism.
 18413 | Lair:4   | 18413 ||| INVOKING Heroism.
 18418 | Lair:4   | 18418 ||| Stepping ~*~*~tactically~*~*~ (stealth).
 18428 | Lair:4   | 18428 ||| INVOKING Heroism.
 18657 | Lair:4   | Found a viscous altar of Jiyva.
 18666 | Lair:4   | Found a staircase to the Slime Pits.
 18892 | Lair:4   | 18892 ||| READING scroll labelled IXOSIG HEITU.
 18929 | Lair:5   | Entered Level 5 of the Lair of Beasts
 18930 | Lair:5   | 18930 ||| INVOKING Heroism.
 18931 | Lair:5   | 18931 ||| STAIRDANCE
 18940 | Lair:4   | Mutation became permanent: Your large and strong wings let
                  | you fly. [Gargoyle growth]
 18940 | Lair:4   | Gained mutation: Your large and strong wings let you fly.
                  | [Gargoyle growth]
 18940 | Lair:4   | Reached XP level 14. HP: 89/95 MP: 19/21
 18964 | Lair:5   | 18964 ||| STAIRDANCE
 18973 | Lair:4   | Received a gift from Okawaru
 18975 | Lair:4   | 18975 ||| INVOKING Heroism.
 19090 | Lair:5   | 19090 ||| INVOKING Heroism.
 19509 | Lair:5   | 19509 ||| INVOKING Heroism.
 19621 | Lair:5   | 19621 ||| INVOKING Heroism.
 19622 | Lair:5   | 19622 ||| INVOKING Finesse.
 19773 | Lair:5   | 19773 ||| Stepping ~*~*~tactically~*~*~ (stealth).
 19775 | Lair:5   | 19775 ||| Stepping ~*~*~tactically~*~*~ (stealth).
 19777 | Lair:5   | 19777 ||| INVOKING Heroism.
 19779 | Lair:5   | 19779 ||| INVOKING Finesse.
 19817 | Lair:5   | Reached skill level 15 in Shields
 19818 | Lair:5   | 19818 ||| Stepping ~*~*~tactically~*~*~ (stealth).
 19876 | Lair:5   | 19876 ||| INVOKING Heroism.
 19877 | Lair:5   | 19877 ||| INVOKING Finesse.
 19932 | Lair:5   | Identified the +3 dagger of Certain Death {flame, Fragile
                  | rPois Dex+4}
 19999 | Lair:5   | 19999 ||| Stepping ~*~*~tactically~*~*~ (stealth).
 20001 | Lair:5   | 20001 ||| INVOKING Heroism.
 20002 | Lair:5   | 20002 ||| INVOKING Finesse.
 20264 | Lair:5   | 20264 ||| Stepping ~*~*~tactically~*~*~ (hiding).
 20265 | Lair:5   | 20265 ||| Stepping ~*~*~tactically~*~*~ (hiding).
 20362 | Lair:5   | 20362 ||| UPGRADING to +1 plate armour of cold resistance.
 20372 | Lair:5   | 20372 ||| INVOKING Heroism.
 20396 | Lair:5   | 20396 ||| FLEEEEING.
 20399 | Lair:5   | 20399 ||| FLEEEEING.
 20400 | Lair:5   | 20400 ||| FLEEEEING.
 20401 | Lair:5   | 20401 ||| FLEEEEING.
 20402 | Lair:5   | 20402 ||| FLEEEEING.
 20403 | Lair:5   | 20403 ||| FLEEEEING.
 20404 | Lair:5   | 20404 ||| FLEEEEING.
 20405 | Lair:5   | 20405 ||| FLEEEEING.
 20406 | Lair:5   | 20406 ||| FLEEEEING.
 20407 | Lair:5   | 20407 ||| FLEEEEING.
 20409 | Lair:5   | 20409 ||| FLEEEEING.
 20410 | Lair:5   | 20410 ||| FLEEEEING.
 20411 | Lair:5   | 20411 ||| FLEEEEING.
 20412 | Lair:5   | 20412 ||| FLEEEEING.
 20414 | Lair:5   | 20414 ||| FLEEEEING.
 20415 | Lair:5   | 20415 ||| FLEEEEING.
 20416 | Lair:5   | 20416 ||| FLEEEEING.
 20417 | Lair:5   | 20417 ||| FLEEEEING.
 20418 | Lair:5   | 20418 ||| FLEEEEING.
 20419 | Lair:5   | 20419 ||| FLEEEEING.
 20420 | Lair:5   | 20420 ||| FLEEEEING.
 20421 | Lair:5   | 20421 ||| INVOKING Heroism.
 20593 | Lair:5   | 20593 ||| UPGRADING to +0 plate armour.
 20598 | Lair:5   | 20598 ||| UPGRADING to +1 plate armour of cold resistance.
 20608 | Lair:5   | 20608 ||| DROPPING +0 plate armour.
 20780 | Lair:5   | 20780 ||| INVOKING Heroism.
 20853 | Lair:5   | 20853 ||| INVOKING Heroism.
 20854 | Lair:5   | 20854 ||| Stepping ~*~*~tactically~*~*~ (hiding).
 20856 | Lair:5   | 20856 ||| SWAPPING to +0 morningstar.
 20866 | Lair:5   | 20866 ||| SWAPPING to +1 war axe of electrocution.
 21239 | Lair:5   | 21239 ||| PLANNING D:1-11
 21239 | Lair:5   | 21239 ||| READING scroll labelled ROTUBUZ OTIA.
 21473 | D:11     | 21473 ||| Stepping ~*~*~tactically~*~*~ (stealth).
 21479 | D:11     | 21479 ||| Stepping ~*~*~tactically~*~*~ (stealth).
 21480 | D:11     | 21480 ||| Stepping ~*~*~tactically~*~*~ (stealth).
 21483 | D:11     | 21483 ||| Stepping ~*~*~tactically~*~*~ (stealth).
 21535 | D:11     | 21535 ||| Stepping ~*~*~tactically~*~*~ (hiding).
 21537 | D:11     | 21537 ||| INVOKING Heroism.
 21546 | D:11     | 21546 ||| Stepping ~*~*~tactically~*~*~ (stealth).
 21555 | D:11     | 21555 ||| Stepping ~*~*~tactically~*~*~ (stealth).
 21566 | D:11     | 21566 ||| INVOKING Heroism.
 21908 | D:11     | Found a staircase to the Orcish Mines.
 21909 | D:11     | 21909 ||| Stepping ~*~*~tactically~*~*~ (hiding).
 22025 | D:11     | 22025 ||| INVOKING Heroism.
 22160 | D:11     | 22160 ||| PLANNING D
 22160 | D:11     | 22160 ||| UPGRADING to amulet of the acrobat.
 22436 | D:12     | 22436 ||| Stepping ~*~*~tactically~*~*~ (stealth).
 22437 | D:12     | 22437 ||| Stepping ~*~*~tactically~*~*~ (stealth).
 22531 | D:12     | Found an iron altar of Okawaru.
 22686 | D:12     | 22686 ||| Stepping ~*~*~tactically~*~*~ (hiding).
 22832 | D:13     | 22832 ||| FLEEEEING.
 22833 | D:13     | 22833 ||| FLEEEEING.
 22834 | D:13     | 22834 ||| FLEEEEING.
 22835 | D:13     | 22835 ||| FLEEEEING.
 22836 | D:13     | 22836 ||| FLEEEEING.
 22844 | D:13     | 22844 ||| STAIRDANCE
 23176 | D:13     | 23176 ||| Stepping ~*~*~tactically~*~*~ (stealth).
 23181 | D:13     | 23181 ||| INVOKING Heroism.
 23371 | D:14     | 23371 ||| Stepping ~*~*~tactically~*~*~ (stealth).
 23373 | D:14     | 23373 ||| Stepping ~*~*~tactically~*~*~ (stealth).
 23376 | D:14     | 23376 ||| INVOKING Heroism.
 23468 | D:14     | Reached XP level 15. HP: 102/102 MP: 22/22
 23562 | D:14     | 23562 ||| INVOKING Heroism.
 23563 | D:14     | 23563 ||| Stepping ~*~*~tactically~*~*~ (stealth).
 23601 | D:14     | 23601 ||| Stepping ~*~*~tactically~*~*~ (hiding).
 23603 | D:14     | 23603 ||| Stepping ~*~*~tactically~*~*~ (hiding).
 23604 | D:14     | 23604 ||| Stepping ~*~*~tactically~*~*~ (hiding).
 23605 | D:14     | 23605 ||| Stepping ~*~*~tactically~*~*~ (hiding).
 23608 | D:14     | 23608 ||| INVOKING Heroism.
 23619 | D:14     | HP: 21/102 [yaktaur captain (17)]
 23620 | D:14     | 23620 ||| READING 3 scrolls of teleportation.
 23621 | D:14     | 23621 ||| DRINKING 3 potions of heal wounds.
 24144 | D:14     | 24144 ||| INVOKING Heroism.
 24196 | D:14     | Identified the +2 glaive "Gargoyle's Death" {elec, rPois
                  | rF+ Stlth+} (Okawaru gifted it to you on level 14 of the
                  | Dungeon)
 24196 | D:14     | Received a gift from Okawaru
 24391 | D:14     | Found a gate to the Vaults.
 24392 | D:14     | 24392 ||| Stepping ~*~*~tactically~*~*~ (hiding).
 24394 | D:14     | 24394 ||| Stepping ~*~*~tactically~*~*~ (hiding).
 24520 | D:14     | 24520 ||| Stepping ~*~*~tactically~*~*~ (hiding).
 24521 | D:14     | 24521 ||| Stepping ~*~*~tactically~*~*~ (hiding).
 24812 | D:14     | 24812 ||| UPGRADING to +0 pair of gloves.
 24817 | D:14     | 24817 ||| READING scroll labelled QARYTWUISS.
 24828 | D:15     | Entered Level 15 of the Dungeon
 24829 | D:15     | 24829 ||| PLANNING GAUNTLET
 24831 | D:15     | 24831 ||| STAIRDANCE
 24860 | D:15     | 24860 ||| STAIRDANCE
 24918 | D:15     | 24918 ||| Stepping ~*~*~tactically~*~*~ (stealth).
 24920 | D:15     | 24920 ||| INVOKING Heroism.
 24998 | D:15     | 24998 ||| Stepping ~*~*~tactically~*~*~ (hiding).
 25000 | D:15     | 25000 ||| Stepping ~*~*~tactically~*~*~ (hiding).
 25001 | D:15     | 25001 ||| Stepping ~*~*~tactically~*~*~ (hiding).
 25021 | D:15     | 25021 ||| Stepping ~*~*~tactically~*~*~ (stealth).
 25023 | D:15     | 25023 ||| Stepping ~*~*~tactically~*~*~ (hiding).
 25184 | D:15     | Found a gate leading to a gauntlet.
 25189 | Gauntlet | Entered a Gauntlet
 25189 | Gauntlet | Found a transporter.
 25189 | Gauntlet | Found a transporter.
 25204 | Gauntlet | Found a transporter.
 25208 | Gauntlet | Found a transporter.
 25216 | Gauntlet | Found a transporter.
 25220 | Gauntlet | Found a transporter.
 25228 | Gauntlet | Found a transporter.
 25247 | Gauntlet | Found a transporter.
 25264 | Gauntlet | Found a transporter.
 25269 | Gauntlet | Found a transporter.
 25277 | Gauntlet | Found a transporter.
 25282 | Gauntlet | Found a transporter.
 25330 | Gauntlet | 25330 ||| Stepping ~*~*~tactically~*~*~ (hiding).
 25457 | Gauntlet | 25457 ||| INVOKING Heroism.
 25458 | Gauntlet | 25458 ||| INVOKING Finesse.
 25500 | Gauntlet | Identified the ring of Juigasha {rC+ Will+}
 25505 | Gauntlet | 25505 ||| DROPPING ring of willpower.
 25513 | Gauntlet | 25513 ||| INVOKING Heroism.
 25516 | Gauntlet | 25516 ||| Stepping randomly (stuck).
 25552 | Gauntlet | 25552 ||| Stepping ~*~*~tactically~*~*~ (stealth).
 25555 | Gauntlet | 25555 ||| INVOKING Heroism.
 25781 | Gauntlet | Identified the +4 tower shield of Honour {Str+3 Dex+3}
 25795 | Gauntlet | 25795 ||| DROPPING +1 cloak of stealth.
 25796 | Gauntlet | 25796 ||| UPGRADING to +4 tower shield of Honour {Str+3
                  | Dex+3}.
 25806 | Gauntlet | 25806 ||| DROPPING +0 tower shield of Catatonia {Int+7}.
 25822 | D:15     | 25822 ||| PLANNING D
 25875 | D:15     | 25875 ||| Stepping ~*~*~tactically~*~*~ (hiding).
 25876 | D:15     | 25876 ||| Stepping ~*~*~tactically~*~*~ (hiding).
 25877 | D:15     | 25877 ||| INVOKING Heroism.
 25878 | D:15     | 25878 ||| INVOKING Finesse.
 25880 | D:15     | 25880 ||| SWAPPING to +0 morningstar.
 25893 | D:15     | Reached skill level 3 in Dodging
 25893 | D:15     | 25893 ||| SWAPPING to +1 war axe of electrocution.
 25938 | D:15     | 25938 ||| Stepping ~*~*~tactically~*~*~ (stealth).
 25942 | D:15     | 25942 ||| Stepping ~*~*~tactically~*~*~ (hiding).
 25945 | D:15     | 25945 ||| Stepping ~*~*~tactically~*~*~ (hiding).
 25958 | D:15     | 25958 ||| READING scroll of enchant weapon.
 25958 | D:15     | 25958 ||| ENCHANTING +1 war axe of electrocution.
 25964 | D:15     | 25964 ||| Stepping ~*~*~tactically~*~*~ (hiding).
 26265 | D:15     | Found a staircase to the Depths.
 26265 | D:15     | Noticed a frost giant
 26272 | D:15     | Killed a frost giant
 26513 | D:15     | 26513 ||| PLANNING ORC
 26640 | Orc:1    | Entered Level 1 of the Orcish Mines
 26656 | Orc:1    | 26656 ||| Stepping ~*~*~tactically~*~*~ (hiding).
 26660 | Orc:1    | 26660 ||| INVOKING Heroism.
 26838 | Orc:1    | Found a dark tunnel.
 26898 | Orc:1    | Found a transporter.
 26900 | Orc:1    | Noticed qw's ghost (journeyman GrFi)
 26926 | Orc:1    | Found a transporter.
 26931 | Orc:1    | Found the dreamshard necklace {*Dream Drain}
 26966 | Orc:1    | 26966 ||| Stepping ~*~*~tactically~*~*~ (hiding).
 26968 | Orc:1    | 26968 ||| Stepping ~*~*~tactically~*~*~ (hiding).
 26971 | Orc:1    | 26971 ||| INVOKING Heroism.
 27278 | Orc:2    | Entered Level 2 of the Orcish Mines
 27283 | Orc:2    | 27283 ||| INVOKING Heroism.
 27292 | Orc:2    | 27292 ||| DRINKING 7 potions of curing.
 27292 | Orc:2    | 27292 ||| (to cure confusion)
 27400 | Orc:2    | 27400 ||| Stepping ~*~*~tactically~*~*~ (stealth).
 27401 | Orc:2    | 27401 ||| Stepping ~*~*~tactically~*~*~ (stealth).
 27403 | Orc:2    | 27403 ||| Stepping ~*~*~tactically~*~*~ (stealth).
 27453 | Orc:2    | Noticed an orc warlord
 27454 | Orc:2    | 27454 ||| INVOKING Heroism.
 27455 | Orc:2    | 27455 ||| INVOKING Finesse.
 27474 | Orc:2    | Killed an orc warlord
 27482 | Orc:2    | Received a gift from Okawaru
 27499 | Orc:2    | Found Jaecefam's Antique Armour Shop.
 27540 | Orc:2    | 27540 ||| BUYING faintly glowing cloak (275 gold).
 27540 | Orc:2    | Bought a faintly glowing cloak for 275 gold pieces
 27540 | Orc:2    | Identified the +0 cloak of the Last Moons {Int+4} (You
                  | bought it in a shop on level 2 of the Orcish Mines)
 27540 | Orc:2    | 27540 ||| BUYING glowing plate armour (754 gold).
 27540 | Orc:2    | Bought a glowing plate armour for 754 gold pieces
 27547 | Orc:2    | 27547 ||| INVOKING Heroism.
 27570 | Orc:2    | 27570 ||| Stepping ~*~*~tactically~*~*~ (stealth).
 27572 | Orc:2    | 27572 ||| Stepping ~*~*~tactically~*~*~ (hiding).
 27677 | Orc:2    | Found a frozen archway.
 27739 | Orc:2    | 27739 ||| Stepping ~*~*~tactically~*~*~ (hiding).
 27871 | Orc:2    | 27871 ||| INVOKING Heroism.
 27907 | Orc:2    | Found Kawaoh's Jewellery Boutique.
 27916 | Orc:2    | 27916 ||| INVOKING Heroism.
 27918 | Orc:2    | Reached skill level 6 in Throwing
 28031 | Orc:2    | 28031 ||| BUYING +4 ring of protection (540 gold).
 28031 | Orc:2    | Bought a +4 ring of protection for 540 gold pieces
 28031 | Orc:2    | 28031 ||| SHOPLISTING ring "Menar" {rPois rN+ rCorr Int+6}
                  | (855 gold, have 566).
 28033 | Orc:2    | Found a staircase to the Elven Halls.
 28110 | Orc:2    | 28110 ||| INVOKING Heroism.
 28112 | Orc:2    | Found Omacwum's General Store.
 28115 | Orc:2    | Reached skill level 15 in Axes
 28123 | Orc:2    | Paralysed by an orc sorcerer for 2 turns
 28126 | Orc:2    | Identified the +0 hat of Lifelessness {Regen+ rCorr}
                  | (Okawaru gifted it to you on level 2 of the Orcish Mines)
 28126 | Orc:2    | Received a gift from Okawaru
 28221 | Orc:2    | 28221 ||| Stepping ~*~*~tactically~*~*~ (stealth).
 28222 | Orc:2    | 28222 ||| Stepping ~*~*~tactically~*~*~ (stealth).
 28275 | Orc:2    | Found Nomuc's Antique Weapon Shop.
 28276 | Orc:2    | 28276 ||| INVOKING Heroism.
 28306 | Orc:2    | 28306 ||| BUYING glowing morningstar (140 gold).
 28306 | Orc:2    | Bought a glowing morningstar for 140 gold pieces
 28306 | Orc:2    | 28306 ||| DROPPING +0 morningstar.
 28434 | Orc:2    | 28434 ||| PLANNING SWAMP:1-3
 28434 | Orc:2    | 28434 ||| DROPPING +0 cloak of the Last Moons {Int+4}.
 28435 | Orc:2    | 28435 ||| DROPPING +1 plate armour of poison resistance.
 28436 | Orc:2    | 28436 ||| UPGRADING to +0 hat of Lifelessness {Regen+
                  | rCorr}.
 28446 | Orc:2    | 28446 ||| DROPPING +1 helmet.
 28447 | Orc:2    | 28447 ||| DROPPING ring of see invisible.
 28448 | Orc:2    | 28448 ||| UPGRADING to +4 ring of protection.
 28572 | Swamp:1  | Entered Level 1 of the Swamp
 28573 | Swamp:1  | 28573 ||| INVOKING Heroism.
 28580 | Swamp:1  | 28580 ||| INVOKING Finesse.
 28582 | Swamp:1  | 28582 ||| SWAPPING to +2 morningstar of venom.
 28587 | Swamp:1  | 28587 ||| Stepping ~*~*~tactically~*~*~ (outnumbered).
 28588 | Swamp:1  | 28588 ||| Stepping ~*~*~tactically~*~*~ (outnumbered).
 28589 | Swamp:1  | 28589 ||| Stepping ~*~*~tactically~*~*~ (outnumbered).
 28590 | Swamp:1  | 28590 ||| Stepping ~*~*~tactically~*~*~ (outnumbered).
 28591 | Swamp:1  | 28591 ||| Stepping ~*~*~tactically~*~*~ (outnumbered).
 28592 | Swamp:1  | 28592 ||| Stepping ~*~*~tactically~*~*~ (outnumbered).
 28594 | Swamp:1  | 28594 ||| SWAPPING to +2 war axe of electrocution.
 28603 | Swamp:1  | Reached XP level 16. HP: 63/111 MP: 18/23
 28609 | Swamp:1  | Reached skill level 12 in Fighting
 28657 | Swamp:1  | Identified the +1 robe "Xoceatse" {+Blink rF- rC- Will+++}
 28697 | Swamp:1  | 28697 ||| INVOKING Heroism.
 28830 | Swamp:1  | 28830 ||| INVOKING Heroism.
 28935 | Swamp:1  | 28935 ||| INVOKING Heroism.
 29203 | Swamp:2  | Found a transporter.
 29222 | Swamp:2  | Found a transporter.
 29226 | Swamp:2  | Noticed Gokhumny's ghost (adept GnFi)
 29229 | Swamp:2  | 29229 ||| INVOKING Heroism.
 29311 | Swamp:2  | 29311 ||| Stepping ~*~*~tactically~*~*~ (hiding).
 29342 | Swamp:2  | 29342 ||| INVOKING Heroism.
 29343 | Swamp:2  | 29343 ||| SWAPPING to +2 morningstar of venom.
 29344 | Swamp:2  | 29344 ||| INVOKING Finesse.
 29357 | Swamp:2  | 29357 ||| SWAPPING to +2 war axe of electrocution.
 29464 | Swamp:2  | 29464 ||| INVOKING Heroism.
 29478 | Swamp:2  | 29478 ||| SWAPPING to +2 morningstar of venom.
 29484 | Swamp:2  | 29484 ||| SWAPPING to +2 war axe of electrocution.
 29644 | Swamp:2  | 29644 ||| INVOKING Heroism.
 29669 | Swamp:2  | 29669 ||| INVOKING Heroism.
 29856 | Swamp:3  | 29856 ||| INVOKING Heroism.
 29857 | Swamp:3  | 29857 ||| SWAPPING to +2 morningstar of venom.
 29858 | Swamp:3  | 29858 ||| INVOKING Finesse.
 29862 | Swamp:3  | 29862 ||| Stepping ~*~*~tactically~*~*~ (outnumbered).
 29863 | Swamp:3  | 29863 ||| Stepping ~*~*~tactically~*~*~ (outnumbered).
 29864 | Swamp:3  | 29864 ||| Stepping ~*~*~tactically~*~*~ (outnumbered).
 29867 | Swamp:3  | 29867 ||| SWAPPING to +2 war axe of electrocution.
 29893 | Swamp:3  | 29893 ||| Stepping randomly (cloudy).
 29977 | Swamp:3  | 29977 ||| INVOKING Heroism.
 29983 | Swamp:3  | 29983 ||| INVOKING Finesse.
 29991 | Swamp:3  | 29991 ||| SWAPPING to +2 morningstar of venom.
 29993 | Swamp:3  | 29993 ||| Stepping ~*~*~tactically~*~*~ (stealth).
 29994 | Swamp:3  | 29994 ||| Stepping ~*~*~tactically~*~*~ (stealth).
 29995 | Swamp:3  | 29995 ||| Stepping ~*~*~tactically~*~*~ (outnumbered).
 30005 | Swamp:3  | 30005 ||| SWAPPING to +2 war axe of electrocution.
 30061 | Swamp:3  | 30061 ||| INVOKING Finesse.
 30062 | Swamp:3  | 30062 ||| SWAPPING to +2 morningstar of venom.
 30063 | Swamp:3  | 30063 ||| INVOKING Heroism.
 30071 | Swamp:3  | 30071 ||| SWAPPING to +2 war axe of electrocution.
 30160 | Swamp:3  | Received a gift from Okawaru
 30226 | Swamp:3  | 30226 ||| INVOKING Heroism.
 30464 | Swamp:3  | 30464 ||| PLANNING SPIDER:1-3
 30464 | Swamp:3  | 30464 ||| UPGRADING to +2 pair of boots of stealth.
 30474 | Swamp:3  | 30474 ||| DROPPING +1 pair of boots.
 30622 | Spider:1 | Entered Level 1 of the Spider Nest
 30623 | Spider:1 | 30623 ||| INVOKING Heroism.
 30677 | Spider:1 | Noticed Azrael
 30678 | Spider:1 | 30678 ||| INVOKING Heroism.
 30679 | Spider:1 | 30679 ||| INVOKING Finesse.
 30697 | Spider:1 | Killed Azrael
 30716 | Spider:1 | 30716 ||| Stepping ~*~*~tactically~*~*~ (stealth).
 30723 | Spider:1 | 30723 ||| Stepping ~*~*~tactically~*~*~ (stealth).
 30742 | Spider:1 | 30742 ||| Stepping ~*~*~tactically~*~*~ (stealth).
 30743 | Spider:1 | 30743 ||| Stepping ~*~*~tactically~*~*~ (stealth).
 30917 | Spider:1 | Reached skill level 12 in Armour
 31066 | Spider:1 | 31066 ||| INVOKING Heroism.
 31197 | Spider:1 | Identified the +4 broad axe of Rangarph {holy, rElec rPois
                  | Dex+4} (Okawaru gifted it to you on level 1 of the Spider
                  | Nest)
 31197 | Spider:1 | Received a gift from Okawaru
 31204 | Spider:1 | 31204 ||| SWAPPING to +4 broad axe of Rangarph {holy, rElec
                  | rPois Dex+4}.
 31205 | Spider:1 | 31205 ||| DROPPING +2 war axe of electrocution.
 31267 | Spider:1 | 31267 ||| Stepping ~*~*~tactically~*~*~ (hiding).
 31268 | Spider:1 | 31268 ||| Stepping ~*~*~tactically~*~*~ (hiding).
 31272 | Spider:1 | 31272 ||| INVOKING Finesse.
 31372 | Spider:1 | 31372 ||| Stepping ~*~*~tactically~*~*~ (stealth).
 31384 | Spider:1 | Reached XP level 17. HP: 99/118 MP: 24/24
 31430 | Spider:1 | 31430 ||| INVOKING Finesse.
 31452 | Spider:1 | 31452 ||| Stepping ~*~*~tactically~*~*~ (stealth).
 31684 | Spider:2 | 31684 ||| STAIRDANCE
 31697 | Spider:2 | 31697 ||| INVOKING Heroism.
 31828 | Spider:2 | 31828 ||| INVOKING Finesse.
 31833 | Spider:2 | 31833 ||| INVOKING Heroism.
 31860 | Spider:2 | 31860 ||| Stepping ~*~*~tactically~*~*~ (stealth).
 31865 | Spider:2 | 31865 ||| Stepping ~*~*~tactically~*~*~ (hiding).
 31891 | Spider:2 | 31891 ||| INVOKING Finesse.
 31909 | Spider:2 | 31909 ||| INVOKING Heroism.
 32012 | Spider:2 | You are sucked into a shaft and drop 1 floor!
 32062 | Spider:3 | 32062 ||| Stepping ~*~*~tactically~*~*~ (stealth).
 32304 | Spider:2 | Noticed Asterion
 32305 | Spider:2 | 32305 ||| INVOKING Heroism.
 32306 | Spider:2 | 32306 ||| INVOKING Finesse.
 32332 | Spider:2 | Killed Asterion
 32359 | Spider:2 | 32359 ||| SWAPPING to +0 vampiric broad axe.
 32385 | Spider:2 | 32385 ||| Stepping ~*~*~tactically~*~*~ (hiding).
 32388 | Spider:2 | 32388 ||| INVOKING Heroism.
 32503 | Spider:2 | 32503 ||| INVOKING Heroism.
 32508 | Spider:2 | Noticed Jorgrun
 32540 | Spider:2 | Killed Jorgrun
 32588 | Spider:2 | 32588 ||| Stepping ~*~*~tactically~*~*~ (stealth).
 32591 | Spider:2 | 32591 ||| INVOKING Heroism.
 32653 | Spider:2 | 32653 ||| INVOKING Heroism.
 32698 | Spider:2 | 32698 ||| Stepping ~*~*~tactically~*~*~ (stealth).
 32703 | Spider:2 | 32703 ||| Stepping ~*~*~tactically~*~*~ (stealth).
 32704 | Spider:2 | 32704 ||| Stepping ~*~*~tactically~*~*~ (stealth).
 32735 | Spider:2 | 32735 ||| Stepping ~*~*~tactically~*~*~ (stealth).
 32752 | Spider:2 | 32752 ||| Stepping ~*~*~tactically~*~*~ (stealth).
 32810 | Spider:2 | 32810 ||| Stepping ~*~*~tactically~*~*~ (stealth).
 32817 | Spider:2 | 32817 ||| Stepping ~*~*~tactically~*~*~ (stealth).
 32837 | Spider:2 | 32837 ||| Stepping ~*~*~tactically~*~*~ (stealth).
 33137 | Spider:3 | 33137 ||| INVOKING Finesse.
 33138 | Spider:3 | 33138 ||| INVOKING Heroism.
 33162 | Spider:3 | Identified the +4 ring mail of Pride {rCorr} (Okawaru
                  | gifted it to you on level 3 of the Spider Nest)
 33162 | Spider:3 | Received a gift from Okawaru
 33520 | Spider:3 | 33520 ||| Stepping ~*~*~tactically~*~*~ (stealth).
 33551 | Spider:3 | Found a runed translucent gate.
 33551 | Spider:3 | Found a runed translucent gate.
 33552 | Spider:3 | Found a runed translucent gate.
 33554 | Spider:3 | Noticed reativica's ghost (journeyman CeHu)
 33776 | Spider:3 | Identified the +0 leather armour "Yckomnu" {Str+4 Int+3}
 34007 | Spider:3 | 34007 ||| Stepping ~*~*~tactically~*~*~ (stealth).
 34190 | Spider:3 | 34190 ||| PLANNING SWAMP:4
 34190 | Spider:3 | 34190 ||| DROPPING +0 acid dragon scales.
 34355 | Swamp:4  | Entered Level 4 of the Swamp
 34368 | Swamp:4  | 34368 ||| Stepping ~*~*~tactically~*~*~ (stealth).
 34375 | Swamp:4  | 34375 ||| INVOKING Heroism.
 34424 | Swamp:4  | 34424 ||| INVOKING Heroism.
 34444 | Swamp:4  | 34444 ||| READING scroll of enchant armour.
 34444 | Swamp:4  | 34444 ||| ENCHANTING +0 pair of gloves.
 34465 | Swamp:4  | 34465 ||| INVOKING Heroism.
 34484 | Swamp:4  | HP: 23/118 [bunyip[a spriggan druid] (36)]
 34485 | Swamp:4  | 34485 ||| READING 7 scrolls of teleportation.
 34486 | Swamp:4  | 34486 ||| DRINKING 2 potions of heal wounds.
 34494 | Swamp:4  | HP: 13/118 [bog body/bolt of cold (17)]
 34494 | Swamp:4  | HP: 2/118 [will-o-the-wisp/foxfire (11)]
 34495 | Swamp:4  | 34495 ||| READING 6 scrolls of teleportation.
 34496 | Swamp:4  | 34496 ||| DRINKING potion of heal wounds.
 34503 | Swamp:4  | 34503 ||| Stepping ~*~*~tactically~*~*~ (hiding).
 34509 | Swamp:4  | HP: 7/118 [eleionoma/spray of wooden splinters (29)]
 34510 | Swamp:4  | 34510 ||| READING 5 scrolls of teleportation.
 34517 | Swamp:4  | 34517 ||| INVOKING Heroism.
 34519 | Swamp:4  | HP: 29/118 [bunyip[a spriggan druid] (14)]
 34520 | Swamp:4  | 34520 ||| READING 4 scrolls of teleportation.
 34599 | Swamp:4  | 34599 ||| Stepping ~*~*~tactically~*~*~ (stealth).
 34600 | Swamp:4  | 34600 ||| Stepping ~*~*~tactically~*~*~ (stealth).
 34602 | Swamp:4  | 34602 ||| Stepping ~*~*~tactically~*~*~ (hiding).
 34604 | Swamp:4  | 34604 ||| Stepping ~*~*~tactically~*~*~ (hiding).
 34611 | Swamp:4  | Reached skill level 18 in Axes
 34615 | Swamp:4  | 34615 ||| Stepping ~*~*~tactically~*~*~ (stealth).
 34618 | Swamp:4  | 34618 ||| SWAPPING to +2 morningstar of venom.
 34627 | Swamp:4  | 34627 ||| SWAPPING to +0 vampiric broad axe.
 34672 | Swamp:4  | 34672 ||| INVOKING Heroism.
 34746 | Swamp:4  | 34746 ||| Stepping ~*~*~tactically~*~*~ (stealth).
 34756 | Swamp:4  | 34756 ||| SWAPPING to +2 morningstar of venom.
 34757 | Swamp:4  | 34757 ||| SWAPPING to +0 vampiric broad axe.
 34759 | Swamp:4  | 34759 ||| SWAPPING to +2 morningstar of venom.
 34761 | Swamp:4  | 34761 ||| SWAPPING to +0 vampiric broad axe.
 34763 | Swamp:4  | 34763 ||| SWAPPING to +2 morningstar of venom.
 34774 | Swamp:4  | 34774 ||| SWAPPING to +0 vampiric broad axe.
 34802 | Swamp:4  | 34802 ||| Stepping ~*~*~tactically~*~*~ (stealth).
 34804 | Swamp:4  | 34804 ||| Stepping ~*~*~tactically~*~*~ (hiding).
 34829 | Swamp:4  | Noticed Bai Suzhen
 34830 | Swamp:4  | 34830 ||| INVOKING Heroism.
 34831 | Swamp:4  | 34831 ||| SWAPPING to +2 morningstar of venom.
 34832 | Swamp:4  | 34832 ||| INVOKING Finesse.
 34834 | Swamp:4  | 34834 ||| Stepping ~*~*~tactically~*~*~ (outnumbered).
 34841 | Swamp:4  | 34841 ||| Stepping ~*~*~tactically~*~*~ (outnumbered).
 34843 | Swamp:4  | 34843 ||| Stepping ~*~*~tactically~*~*~ (outnumbered).
 34855 | Swamp:4  | 34855 ||| SWAPPING to +0 vampiric broad axe.
 34858 | Swamp:4  | 34858 ||| SWAPPING to +2 morningstar of venom.
 34876 | Swamp:4  | Killed Bai Suzhen
 34882 | Swamp:4  | Reached XP level 18. HP: 123/125 MP: 22/25
 34882 | Swamp:4  | 34882 ||| SWAPPING to +0 vampiric broad axe.
 34909 | Swamp:4  | 34909 ||| DROPPING +2 morningstar of venom.
 34914 | Swamp:4  | Noticed a bone dragon
 34924 | Swamp:4  | 34924 ||| INVOKING Heroism.
 34937 | Swamp:4  | Killed a bone dragon
 34945 | Swamp:4  | 34945 ||| FLEEEEING.
 34946 | Swamp:4  | 34946 ||| FLEEEEING.
 34947 | Swamp:4  | 34947 ||| FLEEEEING.
 34948 | Swamp:4  | 34948 ||| FLEEEEING.
 34988 | Swamp:4  | 34988 ||| FLEEEEING.
 34989 | Swamp:4  | 34989 ||| FLEEEEING.
 35152 | Swamp:4  | Received a gift from Okawaru
 35271 | Swamp:4  | 35271 ||| INVOKING Heroism.
 35343 | Swamp:4  | 35343 ||| Stepping ~*~*~tactically~*~*~ (stealth).
 35400 | Swamp:4  | Got a decaying rune of Zot
 35435 | Swamp:4  | 35435 ||| READING scroll of enchant weapon.
 35435 | Swamp:4  | 35435 ||| ENCHANTING +0 vampiric broad axe.
 35517 | Swamp:4  | 35517 ||| PLANNING VAULTS:1-4
 35517 | Swamp:4  | 35517 ||| DROPPING ring of wizardry.
 35518 | Swamp:4  | 35518 ||| UPGRADING to ring of Juigasha {rC+ Will+}.
 35742 | Vaults:1 | Entered Level 1 of the Vaults
 35743 | Vaults:1 | 35743 ||| INVOKING Heroism.
 35850 | Vaults:1 | 35850 ||| Stepping ~*~*~tactically~*~*~ (hiding).
 35867 | Vaults:1 | 35867 ||| Stepping ~*~*~tactically~*~*~ (stealth).
 35932 | Vaults:1 | 35932 ||| INVOKING Heroism.
 35958 | Vaults:1 | Reached skill level 18 in Shields
 36013 | Vaults:1 | 36013 ||| INVOKING Heroism.
 36014 | Vaults:1 | 36014 ||| INVOKING Finesse.
 36332 | Vaults:1 | 36332 ||| INVOKING Heroism.
 36369 | Vaults:1 | 36369 ||| INVOKING Heroism.
 36386 | Vaults:1 | Reached skill level 15 in Fighting
 36388 | Vaults:1 | Reached ****** piety under Okawaru
 36395 | Vaults:1 | Received a gift from Okawaru
 36398 | Vaults:1 | 36398 ||| INVOKING Heroism.
 36464 | Vaults:1 | 36464 ||| INVOKING Heroism.
 36468 | Vaults:1 | 36468 ||| INVOKING Finesse.
 36594 | Vaults:1 | 36594 ||| Stepping ~*~*~tactically~*~*~ (stealth).
 36595 | Vaults:1 | 36595 ||| Stepping ~*~*~tactically~*~*~ (stealth).
 36763 | Vaults:1 | 36763 ||| Stepping ~*~*~tactically~*~*~ (hiding).
 36764 | Vaults:1 | 36764 ||| Stepping ~*~*~tactically~*~*~ (hiding).
 36873 | Vaults:1 | Identified the +8 quarterstaff of Wariness {antimagic, rC+
                  | Will- rCorr Dex+5} (Okawaru gifted it to you on level 1 of
                  | the Vaults)
 36873 | Vaults:1 | Received a gift from Okawaru
 36949 | Vaults:1 | 36949 ||| Stepping ~*~*~tactically~*~*~ (hiding).
 36950 | Vaults:1 | 36950 ||| Stepping ~*~*~tactically~*~*~ (hiding).
 36951 | Vaults:1 | 36951 ||| Stepping ~*~*~tactically~*~*~ (hiding).
 36952 | Vaults:1 | 36952 ||| Stepping ~*~*~tactically~*~*~ (hiding).
 36955 | Vaults:1 | 36955 ||| INVOKING Heroism.
 37026 | Vaults:1 | 37026 ||| Stepping ~*~*~tactically~*~*~ (hiding).
 37028 | Vaults:1 | 37028 ||| INVOKING Heroism.
 37315 | Vaults:1 | 37315 ||| INVOKING Heroism.
 37445 | Vaults:1 | 37445 ||| Stepping ~*~*~tactically~*~*~ (hiding).
 37458 | Vaults:1 | Reached XP level 19. HP: 136/136 MP: 26/26
 37497 | Vaults:1 | 37497 ||| DROPPING +1 hat.
 37498 | Vaults:1 | 37498 ||| DROPPING +6 ring of strength.
 37499 | Vaults:1 | 37499 ||| DROPPING ring of see invisible.
 37500 | Vaults:1 | 37500 ||| READING 11 scrolls of identify.
 37500 | Vaults:1 | 37500 ||| IDENTIFYING smoky green potion
 37501 | Vaults:1 | 37501 ||| DROPPING potion of degeneration.
 37547 | Vaults:2 | Identified the +1 robe "Irittosm" {rPois Dex+3}
 37578 | Vaults:2 | 37578 ||| INVOKING Heroism.
 37610 | Vaults:2 | 37610 ||| Stepping ~*~*~tactically~*~*~ (hiding).
 37625 | Vaults:2 | 37625 ||| INVOKING Heroism.
 37628 | Vaults:2 | 37628 ||| Stepping ~*~*~tactically~*~*~ (hiding).
 37636 | Vaults:2 | 37636 ||| Stepping ~*~*~tactically~*~*~ (hiding).
 37639 | Vaults:2 | 37639 ||| Stepping ~*~*~tactically~*~*~ (hiding).
 37679 | Vaults:2 | 37679 ||| Stepping ~*~*~tactically~*~*~ (hiding).
 37687 | Vaults:2 | 37687 ||| INVOKING Heroism.
 37752 | Vaults:2 | 37752 ||| Stepping ~*~*~tactically~*~*~ (stealth).
 37756 | Vaults:2 | 37756 ||| Stepping ~*~*~tactically~*~*~ (hiding).
 37765 | Vaults:2 | 37765 ||| INVOKING Heroism.
 37864 | Vaults:2 | 37864 ||| INVOKING Heroism.
 37953 | Vaults:2 | You are sucked into a shaft and drop 1 floor!
 37954 | Vaults:3 | 37954 ||| PLANNING WIZLAB
 37974 | Vaults:3 | Found a magical portal.
 37975 | Vaults:3 | 37975 ||| UPGRADING to +4 ring of evasion.
 37985 | WizLab   | Entered Doroklohe's Tomb
 38175 | Vaults:3 | 38175 ||| PLANNING VAULTS:1-4
 38185 | Vaults:3 | 38185 ||| Stepping ~*~*~tactically~*~*~ (stealth).
 38187 | Vaults:3 | 38187 ||| Stepping ~*~*~tactically~*~*~ (hiding).
 38204 | Vaults:3 | 38204 ||| INVOKING Heroism.
 38255 | Vaults:3 | Found Yqeonac's Distillery.
 38255 | Vaults:3 | Found Siytwis's Armour Emporium.
 38257 | Vaults:3 | 38257 ||| Stepping ~*~*~tactically~*~*~ (hiding).
 38275 | Vaults:3 | 38275 ||| BUYING 2 potions of mutation (256 gold).
 38275 | Vaults:3 | Bought 2 potions of mutation for 256 gold pieces
 38275 | Vaults:3 | 38275 ||| BUYING potion of cancellation (128 gold).
 38275 | Vaults:3 | Bought a potion of cancellation for 128 gold pieces
 38275 | Vaults:3 | 38275 ||| BUYING potion of curing (48 gold).
 38275 | Vaults:3 | Bought a potion of curing for 48 gold pieces
 38275 | Vaults:3 | 38275 ||| BUYING potion of curing (48 gold).
 38275 | Vaults:3 | Bought a potion of curing for 48 gold pieces
 38275 | Vaults:3 | 38275 ||| BUYING potion of haste (160 gold).
 38275 | Vaults:3 | Bought a potion of haste for 160 gold pieces
 38275 | Vaults:3 | 38275 ||| BUYING potion of magic (128 gold).
 38275 | Vaults:3 | Bought a potion of magic for 128 gold pieces
 38275 | Vaults:3 | 38275 ||| BUYING potion of magic (128 gold).
 38275 | Vaults:3 | Bought a potion of magic for 128 gold pieces
 38311 | Vaults:3 | 38311 ||| Stepping ~*~*~tactically~*~*~ (hiding).
 38320 | Vaults:3 | 38320 ||| DRINKING 11 potions of curing.
 38320 | Vaults:3 | 38320 ||| (to cure confusion)
 38473 | Vaults:3 | 38473 ||| Stepping ~*~*~tactically~*~*~ (stealth).
 38475 | Vaults:3 | 38475 ||| Stepping ~*~*~tactically~*~*~ (hiding).
 38482 | Vaults:3 | 38482 ||| INVOKING Heroism.
 38487 | Vaults:3 | Received a gift from Okawaru
 38488 | Vaults:3 | Reached skill level 15 in Armour
 38494 | Vaults:3 | Paralysed by a great orb of eyes for 4 turns
 38526 | Vaults:3 | Identified the +1 helmet of Ewecrox {Harm rCorr Dex+5}
                  | (Okawaru gifted it to you on level 3 of the Vaults)
 38526 | Vaults:3 | Received a gift from Okawaru
 38689 | Vaults:3 | Found Wonk's Antique Armour Boutique.
 38692 | Vaults:3 | 38692 ||| SHOPLISTING glowing plate armour (884 gold, have
                  | 794).
 38692 | Vaults:3 | 38692 ||| BUYING runed chain mail (255 gold).
 38692 | Vaults:3 | Bought a runed chain mail for 255 gold pieces
 38735 | Vaults:3 | 38735 ||| INVOKING Heroism.
 38800 | Vaults:3 | 38800 ||| DRINKING 10 potions of curing.
 38800 | Vaults:3 | 38800 ||| (to cure confusion)
 38802 | Vaults:3 | 38802 ||| DRINKING 9 potions of curing.
 38802 | Vaults:3 | 38802 ||| (to cure confusion)
 38802 | Vaults:3 | Paralysed by a sphinx for 5 turns
 38809 | Vaults:3 | 38809 ||| INVOKING Heroism.
 38826 | Vaults:3 | HP: 28/140 [deep troll[an ironbound preserver] (10)]
 38827 | Vaults:3 | 38827 ||| READING 4 scrolls of teleportation.
 38945 | Vaults:3 | 38945 ||| INVOKING Heroism.
 38961 | Abyss:2  | Cast into level 2 of the Abyss (a wizard)
 39005 | Abyss:2  | 39005 ||| Stepping ~*~*~tactically~*~*~ (stealth).
 39035 | Abyss:2  | 39035 ||| Stepping ~*~*~tactically~*~*~ (hiding).
 39068 | Abyss:2  | 39068 ||| Stepping ~*~*~tactically~*~*~ (stealth).
 39070 | Abyss:2  | 39070 ||| Stepping ~*~*~tactically~*~*~ (stealth).
 39071 | Abyss:2  | 39071 ||| Stepping ~*~*~tactically~*~*~ (stealth).
 39085 | Abyss:2  | 39085 ||| INVOKING Heroism.
 39086 | Abyss:2  | 39086 ||| DRINKING 8 potions of curing.
 39086 | Abyss:2  | 39086 ||| (to cure confusion)
 39150 | Vaults:3 | Escaped the Abyss
 39273 | Vaults:3 | 39273 ||| READING scroll of enchant armour.
 39273 | Vaults:3 | 39273 ||| ENCHANTING +1 pair of gloves.
 39419 | Vaults:3 | 39419 ||| Stepping ~*~*~tactically~*~*~ (stealth).
 39420 | Vaults:3 | 39420 ||| Stepping ~*~*~tactically~*~*~ (stealth).
 39458 | Vaults:3 | 39458 ||| Stepping ~*~*~tactically~*~*~ (stealth).
 39479 | Vaults:3 | Found a staircase to the Crypt.
 39479 | Vaults:3 | Found a basalt altar of Yredelemnul.
 39480 | Vaults:3 | Found an ancient bone altar of Kikubaaqudgha.
 39739 | Vaults:3 | 39739 ||| INVOKING Heroism.
 39741 | Vaults:3 | 39741 ||| INVOKING Finesse.
 39807 | Vaults:3 | 39807 ||| Stepping ~*~*~tactically~*~*~ (hiding).
 39811 | Vaults:3 | 39811 ||| Stepping ~*~*~tactically~*~*~ (stealth).
 39819 | Vaults:3 | 39819 ||| INVOKING Heroism.
 39873 | Vaults:3 | 39873 ||| INVOKING Heroism.
 39890 | Vaults:3 | 39890 ||| DROPPING +0 chain mail of cold resistance.
 39891 | Vaults:3 | 39891 ||| UPGRADING to +2 helmet of see invisible.
 39901 | Vaults:3 | 39901 ||| UPGRADING to ring of Juigasha {rC+ Will+}.
 39924 | Vaults:2 | 39924 ||| READING scroll of enchant weapon.
 39924 | Vaults:2 | 39924 ||| ENCHANTING +1 vampiric broad axe.
 40023 | Vaults:2 | 40023 ||| Stepping ~*~*~tactically~*~*~ (hiding).
 40192 | Vaults:2 | 40192 ||| Stepping ~*~*~tactically~*~*~ (hiding).
 40374 | Vaults:2 | Reached XP level 20. HP: 132/147 MP: 27/27
 40393 | Vaults:2 | Identified the +7 glaive of Cheibriados's Favour {freeze,
                  | rPois}
 40413 | Vaults:2 | 40413 ||| Stepping ~*~*~tactically~*~*~ (hiding).
 40463 | Vaults:2 | Identified the +6 morningstar of the Sea {vorpal, rC+ rN+}
                  | (Okawaru gifted it to you on level 2 of the Vaults)
 40463 | Vaults:2 | Received a gift from Okawaru
 40472 | Vaults:2 | Noticed Sojobo
 40473 | Vaults:2 | 40473 ||| Stepping ~*~*~tactically~*~*~ (hiding).
 40479 | Vaults:2 | 40479 ||| INVOKING Heroism.
 40480 | Vaults:2 | 40480 ||| INVOKING Finesse.
 40502 | Vaults:2 | Killed Sojobo
 40564 | Vaults:2 | 40564 ||| Stepping ~*~*~tactically~*~*~ (stealth).
 40622 | Vaults:2 | 40622 ||| Stepping ~*~*~tactically~*~*~ (hiding).
 40623 | Vaults:2 | 40623 ||| Stepping ~*~*~tactically~*~*~ (hiding).
 40626 | Vaults:2 | 40626 ||| Stepping ~*~*~tactically~*~*~ (hiding).
 41063 | Vaults:3 | Found Atwyaj's Armour Emporium.
 41165 | Vaults:3 | Found Jittesch's Magic Scroll Shop.
 41174 | Vaults:3 | 41174 ||| BUYING scroll of brand weapon (171 gold).
 41174 | Vaults:3 | Bought a scroll of brand weapon for 171 gold pieces
 41174 | Vaults:3 | 41174 ||| BUYING scroll of teleportation (54 gold).
 41174 | Vaults:3 | Bought a scroll of teleportation for 54 gold pieces
 41174 | Vaults:3 | 41174 ||| BUYING scroll of teleportation (54 gold).
 41174 | Vaults:3 | Bought a scroll of teleportation for 54 gold pieces
 41174 | Vaults:3 | 41174 ||| BUYING scroll of teleportation (54 gold).
 41174 | Vaults:3 | Bought a scroll of teleportation for 54 gold pieces
 41174 | Vaults:3 | 41174 ||| BUYING scroll of teleportation (54 gold).
 41174 | Vaults:3 | Bought a scroll of teleportation for 54 gold pieces
 41268 | Vaults:4 | 41268 ||| INVOKING Heroism.
 41508 | Vaults:4 | 41508 ||| INVOKING Heroism.
 41765 | Vaults:4 | 41765 ||| INVOKING Heroism.
 41920 | Vaults:4 | 41920 ||| Stepping ~*~*~tactically~*~*~ (hiding).
 41922 | Vaults:4 | 41922 ||| Stepping ~*~*~tactically~*~*~ (stealth).
 41926 | Vaults:4 | 41926 ||| INVOKING Heroism.
 42022 | Vaults:4 | 42022 ||| Stepping ~*~*~tactically~*~*~ (stealth).
 42027 | Vaults:4 | 42027 ||| INVOKING Heroism.
 42035 | Vaults:4 | Reached skill level 6 in Dodging
 42042 | Vaults:4 | Received a gift from Okawaru
 42211 | Vaults:4 | 42211 ||| INVOKING Heroism.
 42226 | Vaults:4 | Received a gift from Okawaru
 42243 | Vaults:4 | Found Digobu's Assorted Antiques.
 42258 | Vaults:4 | 42258 ||| SHOPLISTING 2 potions of magic (576 gold, have
                  | 540).
 42258 | Vaults:4 | 42258 ||| BUYING potion of curing (108 gold).
 42258 | Vaults:4 | Bought a potion of curing for 108 gold pieces
 42258 | Vaults:4 | 42258 ||| BUYING potion of might (144 gold).
 42258 | Vaults:4 | Bought a potion of might for 144 gold pieces
 42258 | Vaults:4 | 42258 ||| BUYING tubular granite ring (180 gold).
 42258 | Vaults:4 | Bought a tubular granite ring for 180 gold pieces
 42336 | Vaults:4 | Found a transporter.
 42356 | Vaults:4 | 42356 ||| Stepping ~*~*~tactically~*~*~ (hiding).
 42366 | Vaults:4 | 42366 ||| INVOKING Heroism.
 42472 | Vaults:4 | 42472 ||| FLEEEEING.
 42551 | Vaults:4 | 42551 ||| Stepping ~*~*~tactically~*~*~ (hiding).
 42554 | Vaults:4 | 42554 ||| Stepping ~*~*~tactically~*~*~ (stealth).
 42563 | Vaults:4 | 42563 ||| INVOKING Heroism.
 42572 | Vaults:4 | Identified the +0 rapier of Fihulax {spect, *Rage rElec
                  | rC+} (Okawaru gifted it to you on level 4 of the Vaults)
 42572 | Vaults:4 | Received a gift from Okawaru
 42607 | Vaults:4 | 42607 ||| Stepping ~*~*~tactically~*~*~ (hiding).
 42609 | Vaults:4 | 42609 ||| Stepping ~*~*~tactically~*~*~ (hiding).
 42616 | Vaults:4 | 42616 ||| Stepping ~*~*~tactically~*~*~ (hiding).
 42765 | Vaults:4 | 42765 ||| INVOKING Heroism.
 42807 | Vaults:4 | Reached skill level 18 in Fighting
 42814 | Vaults:4 | 42814 ||| INVOKING Heroism.
 42857 | Vaults:4 | 42857 ||| INVOKING Heroism.
 43025 | Vaults:4 | 43025 ||| READING scroll of enchant armour.
 43025 | Vaults:4 | 43025 ||| ENCHANTING +1 plate armour of cold resistance.
 43166 | Vaults:4 | 43166 ||| PLANNING SPIDER:4
 43166 | Vaults:4 | 43166 ||| UPGRADING to +4 plate armour.
 43176 | Vaults:4 | 43176 ||| DROPPING amulet of guardian spirit.
 43177 | Vaults:4 | 43177 ||| DROPPING ring of magical power.
 43470 | Spider:4 | Entered Level 4 of the Spider Nest
 43476 | Spider:4 | 43476 ||| STAIRDANCE
 43571 | Spider:4 | 43571 ||| Stepping ~*~*~tactically~*~*~ (hiding).
 43576 | Spider:4 | 43576 ||| INVOKING Heroism.
 43597 | Spider:4 | Received a gift from Okawaru
 43935 | Spider:4 | 43935 ||| INVOKING Heroism.
 43942 | Spider:4 | Received a gift from Okawaru
 44088 | Spider:4 | Got a gossamer rune of Zot
 44104 | Spider:4 | 44104 ||| Stepping ~*~*~tactically~*~*~ (stealth).
 44126 | Spider:4 | 44126 ||| INVOKING Heroism.
 44347 | Spider:4 | 44347 ||| Stepping ~*~*~tactically~*~*~ (stealth).
 44361 | Spider:4 | Reached skill level 18 in Armour
 44465 | Spider:4 | 44465 ||| INVOKING Heroism.
 44686 | Spider:4 | 44686 ||| INVOKING Heroism.
 44711 | Spider:4 | Noticed Nikola
 44712 | Spider:4 | 44712 ||| Stepping ~*~*~tactically~*~*~ (hiding).
 44713 | Spider:4 | 44713 ||| Stepping ~*~*~tactically~*~*~ (hiding).
 44724 | Spider:4 | 44724 ||| INVOKING Heroism.
 44744 | Spider:4 | Killed Nikola
 44745 | Spider:4 | Reached XP level 21. HP: 95/155 MP: 28/28
 44861 | Spider:4 | 44861 ||| READING scroll of enchant armour.
 44861 | Spider:4 | 44861 ||| ENCHANTING +4 plate armour.
 44935 | Spider:4 | 44935 ||| PLANNING DEPTHS
 44935 | Spider:4 | 44935 ||| DROPPING scarf of invisibility.
 44936 | Spider:4 | 44936 ||| DROPPING scarf of invisibility.
 45208 | Depths:1 | Entered Level 1 of the Depths
 45210 | Depths:1 | 45210 ||| INVOKING Heroism.
 45211 | Depths:1 | 45211 ||| INVOKING Finesse.
 45312 | Depths:1 | 45312 ||| Stepping ~*~*~tactically~*~*~ (hiding).
 45314 | Depths:1 | 45314 ||| Stepping ~*~*~tactically~*~*~ (hiding).
 45322 | Depths:1 | 45322 ||| INVOKING Heroism.
 45333 | Depths:1 | 45333 ||| INVOKING Finesse.
 45399 | Depths:1 | Found a one-way gateway to a ziggurat.
 45497 | Depths:1 | 45497 ||| INVOKING Heroism.
 45504 | Depths:1 | Reached skill level 9 in Throwing
 45523 | Depths:1 | Received a gift from Okawaru
 45536 | Depths:1 | Found Hyquhyjeof's Antique Armour Emporium.
 45589 | Depths:1 | 45589 ||| INVOKING Heroism.
 45621 | Depths:1 | 45621 ||| Stepping ~*~*~tactically~*~*~ (hiding).
 45660 | Depths:1 | 45660 ||| INVOKING Heroism.
 45735 | Depths:1 | 45735 ||| Stepping ~*~*~tactically~*~*~ (hiding).
 45736 | Depths:1 | 45736 ||| Stepping ~*~*~tactically~*~*~ (hiding).
 45743 | Depths:1 | 45743 ||| INVOKING Heroism.
 45744 | Depths:1 | 45744 ||| INVOKING Finesse.
 45881 | Depths:1 | 45881 ||| Stepping ~*~*~tactically~*~*~ (stealth).
 46003 | Depths:1 | 46003 ||| Stepping ~*~*~tactically~*~*~ (stealth).
 46378 | Depths:1 | Found a gateway to Hell.
 46524 | Depths:2 | Noticed Mara
 46525 | Depths:2 | 46525 ||| Stepping ~*~*~tactically~*~*~ (hiding).
 46529 | Depths:2 | 46529 ||| Stepping ~*~*~tactically~*~*~ (hiding).
 46530 | Depths:2 | 46530 ||| Stepping ~*~*~tactically~*~*~ (hiding).
 46532 | Depths:2 | 46532 ||| INVOKING Heroism.
 46533 | Depths:2 | 46533 ||| INVOKING Finesse.
 46542 | Depths:2 | 46542 ||| Stepping ~*~*~tactically~*~*~ (hiding).
 46545 | Depths:2 | 46545 ||| Stepping ~*~*~tactically~*~*~ (hiding).
 46546 | Depths:2 | 46546 ||| Stepping ~*~*~tactically~*~*~ (hiding).
 46556 | Depths:2 | 46556 ||| INVOKING Finesse.
 46568 | Depths:2 | Killed Mara
 46604 | Depths:2 | Found a shadowy altar of Dithmenos.
 46610 | Depths:2 | 46610 ||| INVOKING Heroism.
 46716 | Depths:2 | 46716 ||| Stepping ~*~*~tactically~*~*~ (stealth).
 46718 | Depths:2 | 46718 ||| Stepping ~*~*~tactically~*~*~ (stealth).
 46720 | Depths:2 | 46720 ||| INVOKING Heroism.
 46721 | Depths:2 | 46721 ||| Stepping ~*~*~tactically~*~*~ (stealth).
 46724 | Depths:2 | 46724 ||| Stepping ~*~*~tactically~*~*~ (stealth).
 46731 | Depths:2 | 46731 ||| Stepping ~*~*~tactically~*~*~ (stealth).
 46791 | Depths:2 | Received a gift from Okawaru
 46836 | Depths:2 | 46836 ||| INVOKING Heroism.
 46837 | Depths:2 | 46837 ||| INVOKING Finesse.
 46842 | Depths:2 | 46842 ||| Stepping ~*~*~tactically~*~*~ (hiding).
 46845 | Depths:2 | 46845 ||| Stepping ~*~*~tactically~*~*~ (hiding).
 46860 | Depths:2 | 46860 ||| Stepping ~*~*~tactically~*~*~ (hiding).
 46934 | Depths:2 | 46934 ||| Stepping ~*~*~tactically~*~*~ (stealth).
 46935 | Depths:2 | 46935 ||| Stepping ~*~*~tactically~*~*~ (hiding).
 46936 | Depths:2 | 46936 ||| INVOKING Heroism.
 46938 | Depths:2 | Identified the +8 flail of Somewhere Else {vorpal, Int+7
                  | Stlth+} (Okawaru gifted it to you on level 2 of the Depths)
 46938 | Depths:2 | Received a gift from Okawaru
 46985 | Depths:2 | 46985 ||| INVOKING Heroism.
 47062 | Depths:2 | 47062 ||| INVOKING Heroism.
 47092 | Depths:2 | 47092 ||| INVOKING Heroism.
 47092 | Depths:2 | Paralysed by a fenstrider witch for 5 turns
 47104 | Depths:2 | 47104 ||| Stepping randomly (cloudy).
 47105 | Depths:2 | 47105 ||| Stepping randomly (cloudy).
 47122 | Depths:2 | 47122 ||| Stepping ~*~*~tactically~*~*~ (stealth).
 47131 | Depths:2 | 47131 ||| Stepping ~*~*~tactically~*~*~ (stealth).
 47179 | Depths:2 | 47179 ||| Stepping ~*~*~tactically~*~*~ (stealth).
 47191 | Depths:2 | 47191 ||| Stepping ~*~*~tactically~*~*~ (hiding).
 47196 | Depths:2 | 47196 ||| Stepping ~*~*~tactically~*~*~ (stealth).
 47197 | Depths:2 | 47197 ||| INVOKING Heroism.
 47198 | Depths:2 | 47198 ||| INVOKING Finesse.
 47371 | Depths:2 | Found a one-way gate leading to the halls of Pandemonium.
 47579 | Depths:2 | Noticed Aizul
 47602 | Depths:2 | Killed Aizul
 47615 | Depths:2 | Found Acoacs's Magic Scroll Emporium.
 47620 | Depths:2 | 47620 ||| BUYING scroll of enchant armour (127 gold).
 47620 | Depths:2 | Bought a scroll of enchant armour for 127 gold pieces
 47620 | Depths:2 | 47620 ||| BUYING scroll of enchant weapon (127 gold).
 47620 | Depths:2 | Bought a scroll of enchant weapon for 127 gold pieces
 47620 | Depths:2 | 47620 ||| READING scroll of enchant armour.
 47620 | Depths:2 | 47620 ||| ENCHANTING +5 plate armour.
 47621 | Depths:2 | 47621 ||| READING scroll of enchant weapon.
 47621 | Depths:2 | 47621 ||| ENCHANTING +2 vampiric broad axe.
 47716 | Depths:2 | 47716 ||| DROPPING +0 fire dragon scales.
 47757 | Depths:3 | 47757 ||| Stepping ~*~*~tactically~*~*~ (stealth).
 47762 | Depths:3 | 47762 ||| INVOKING Finesse.
 47770 | Depths:3 | 47770 ||| Stepping ~*~*~tactically~*~*~ (stealth).
 47790 | Depths:3 | 47790 ||| Stepping ~*~*~tactically~*~*~ (stealth).
 47794 | Depths:3 | 47794 ||| Stepping ~*~*~tactically~*~*~ (hiding).
 47798 | Depths:3 | 47798 ||| INVOKING Heroism.
 47821 | Depths:3 | 47821 ||| Stepping ~*~*~tactically~*~*~ (stealth).
 47831 | Depths:3 | 47831 ||| INVOKING Finesse.
 47925 | Depths:3 | Noticed a juggernaut
 47926 | Depths:3 | 47926 ||| INVOKING Heroism.
 47927 | Depths:3 | 47927 ||| INVOKING Finesse.
 47956 | Depths:3 | Killed a juggernaut
 47956 | Depths:3 | Received a gift from Okawaru
 47989 | Depths:3 | Reached XP level 22. HP: 167/167 MP: 29/29
 48018 | Depths:3 | 48018 ||| Stepping ~*~*~tactically~*~*~ (hiding).
 48024 | Depths:3 | 48024 ||| INVOKING Heroism.
 48117 | Depths:3 | 48117 ||| INVOKING Heroism.
 48133 | Depths:3 | Noticed a golden dragon
 48134 | Depths:3 | 48134 ||| Stepping ~*~*~tactically~*~*~ (hiding).
 48151 | Depths:3 | Killed a golden dragon
 48167 | Depths:3 | 48167 ||| INVOKING Heroism.
 48206 | Depths:3 | 48206 ||| Stepping ~*~*~tactically~*~*~ (stealth).
 48208 | Depths:3 | 48208 ||| INVOKING Heroism.
 48209 | Depths:3 | 48209 ||| Stepping ~*~*~tactically~*~*~ (hiding).
 48221 | Depths:3 | 48221 ||| Stepping ~*~*~tactically~*~*~ (hiding).
 48258 | Depths:3 | 48258 ||| Stepping ~*~*~tactically~*~*~ (stealth).
 48259 | Depths:3 | 48259 ||| Stepping ~*~*~tactically~*~*~ (stealth).
 48261 | Depths:3 | 48261 ||| Stepping ~*~*~tactically~*~*~ (hiding).
 48262 | Depths:3 | 48262 ||| Stepping ~*~*~tactically~*~*~ (hiding).
 48264 | Depths:3 | 48264 ||| INVOKING Heroism.
 48268 | Depths:3 | Noticed a golden dragon
 48277 | Depths:3 | Killed a golden dragon
 48311 | Depths:3 | 48311 ||| Stepping ~*~*~tactically~*~*~ (hiding).
 48314 | Depths:3 | 48314 ||| Stepping ~*~*~tactically~*~*~ (hiding).
 48357 | Depths:3 | 48357 ||| Stepping ~*~*~tactically~*~*~ (stealth).
 48358 | Depths:3 | 48358 ||| Stepping ~*~*~tactically~*~*~ (stealth).
 48361 | Depths:3 | 48361 ||| INVOKING Heroism.
 48374 | Depths:3 | Received a gift from Okawaru
 48383 | Depths:3 | Identified the +0 robe "Ryimaeb" {Will+ Int+2 Dex-4}
 48394 | Depths:3 | 48394 ||| INVOKING Heroism.
 48395 | Depths:3 | 48395 ||| INVOKING Finesse.
 48442 | Depths:3 | 48442 ||| READING scroll of enchant weapon.
 48442 | Depths:3 | 48442 ||| ENCHANTING +3 vampiric broad axe.
 48508 | Depths:3 | 48508 ||| Stepping ~*~*~tactically~*~*~ (hiding).
 48512 | Depths:3 | 48512 ||| INVOKING Heroism.
 48860 | Depths:3 | Noticed a golden dragon
 48861 | Depths:3 | 48861 ||| INVOKING Heroism.
 48871 | Depths:3 | Killed a golden dragon
 48908 | Depths:3 | Found a one-way gate to the infinite horrors of the Abyss.
 48911 | Depths:3 | 48911 ||| INVOKING Heroism.
 48950 | Depths:3 | 48950 ||| INVOKING Heroism.
 49041 | Depths:3 | 49041 ||| Stepping ~*~*~tactically~*~*~ (hiding).
 49316 | Depths:4 | Entered Level 4 of the Depths
 49316 | Depths:4 | Found Qeasiner's Armour Boutique.
 49327 | Depths:4 | 49327 ||| SHOPLISTING +1 ice dragon scales (1608 gold, have
                  | 1208).
 49327 | Depths:4 | 49327 ||| SHOPLISTING +8 orange crystal plate armour
                  | {Archmagi, Int+3 Clar} (3468 gold, have 1208).
 49335 | Depths:4 | 49335 ||| INVOKING Heroism.
 49431 | Depths:4 | 49431 ||| DRINKING 16 potions of curing.
 49431 | Depths:4 | 49431 ||| (to cure confusion)
 49587 | Depths:4 | Found a runed translucent door.
 49589 | Depths:4 | Found a white marble altar of Elyvilon.
 49641 | Depths:4 | Noticed a golden dragon
 49642 | Depths:4 | 49642 ||| Stepping ~*~*~tactically~*~*~ (hiding).
 49644 | Depths:4 | 49644 ||| INVOKING Heroism.
 49670 | Depths:4 | Killed a golden dragon
 49682 | Depths:4 | 49682 ||| Stepping ~*~*~tactically~*~*~ (stealth).
 49729 | Depths:4 | 49729 ||| INVOKING Heroism.
 49830 | Depths:4 | 49830 ||| INVOKING Heroism.
 49901 | Depths:4 | Found a broken altar of Ashenzari.
 49926 | Depths:4 | 49926 ||| Stepping ~*~*~tactically~*~*~ (hiding).
 49928 | Depths:4 | 49928 ||| INVOKING Heroism.
 50008 | Depths:4 | 50008 ||| Stepping ~*~*~tactically~*~*~ (hiding).
 50011 | Depths:4 | 50011 ||| INVOKING Heroism.
 50012 | Depths:4 | 50012 ||| INVOKING Finesse.
 50070 | Depths:4 | Found a gate to the Realm of Zot.
 50215 | Depths:4 | 50215 ||| PLANNING VAULTS:5
 50507 | Vaults:5 | Entered Level 5 of the Vaults
 50508 | Vaults:5 | 50508 ||| INVOKING Heroism.
 50509 | Vaults:5 | 50509 ||| STAIRDANCE
 50515 | Vaults:5 | Noticed a golden dragon
 50528 | Vaults:5 | 50528 ||| INVOKING Finesse.
 50532 | Vaults:5 | Reached skill level 21 in Shields
 50534 | Vaults:5 | Killed a golden dragon
 50558 | Vaults:5 | Received a gift from Okawaru
 50562 | Vaults:5 | 50562 ||| INVOKING Heroism.
 50580 | Abyss:3  | Found a corrupted altar of Lugonu.
 50580 | Abyss:3  | Found a corrupted altar of Lugonu.
 50580 | Abyss:3  | Cast into level 3 of the Abyss (vault guard)
 50597 | Abyss:3  | 50597 ||| Stepping ~*~*~tactically~*~*~ (hiding).
 50618 | Abyss:3  | 50618 ||| Stepping ~*~*~tactically~*~*~ (hiding).
 50622 | Abyss:3  | 50622 ||| Stepping ~*~*~tactically~*~*~ (stealth).
 50628 | Abyss:3  | 50628 ||| INVOKING Heroism.
 50675 | Abyss:3  | 50675 ||| Stepping ~*~*~tactically~*~*~ (stealth).
 50679 | Abyss:3  | Paralysed by an apocalypse crab for 2 turns
 50681 | Abyss:3  | 50681 ||| Stepping randomly (cloudy).
 50682 | Abyss:3  | 50682 ||| Stepping ~*~*~tactically~*~*~ (hiding).
 50695 | Abyss:3  | 50695 ||| INVOKING Heroism.
 50769 | Abyss:3  | 50769 ||| Stepping ~*~*~tactically~*~*~ (stealth).
 50771 | Abyss:3  | 50771 ||| DRINKING 15 potions of curing.
 50771 | Abyss:3  | 50771 ||| (to cure confusion)
 50773 | Abyss:3  | Reached skill level 21 in Fighting
 50773 | Abyss:3  | 50773 ||| Stepping ~*~*~tactically~*~*~ (stealth).
 50777 | Abyss:3  | 50777 ||| Stepping ~*~*~tactically~*~*~ (stealth).
 50783 | Abyss:3  | 50783 ||| DRINKING 14 potions of curing.
 50783 | Abyss:3  | 50783 ||| (to cure confusion)
 50790 | Abyss:3  | 50790 ||| Stepping ~*~*~tactically~*~*~ (stealth).
 50794 | Abyss:3  | 50794 ||| INVOKING Heroism.
 50803 | Abyss:3  | Received a gift from Okawaru
 50825 | Abyss:3  | Gained mutation: You sometimes lose your temper in combat.
                  | [a neqoxec]
 50830 | Abyss:3  | 50830 ||| DRINKING 9 potions of mutation.
 50830 | Abyss:3  | Lost mutation: You sometimes lose your temper in combat.
                  | [potion of mutation]
 50830 | Abyss:3  | Lost mutation: You are robust. (+10% HP) [potion of
                  | mutation]
 50830 | Abyss:3  | Gained mutation: You occasionally lose the ability to read
                  | scrolls when taking damage. [potion of mutation]
 50830 | Abyss:3  | Gained mutation: Your spells are a little harder to cast,
                  | but a little more powerful. [potion of mutation]
 50831 | Abyss:3  | 50831 ||| DRINKING 8 potions of mutation.
 50831 | Abyss:3  | Lost mutation: You occasionally lose the ability to read
                  | scrolls when taking damage. [potion of mutation]
 50831 | Abyss:3  | Lost mutation: You are partially covered in iridescent
                  | scales. (AC +2) [potion of mutation]
 50831 | Abyss:3  | Gained mutation: Your movements are slightly less
                  | encumbered by armour. (ER -2) [potion of mutation]
 50846 | Abyss:3  | 50846 ||| Stepping ~*~*~tactically~*~*~ (stealth).
 50848 | Abyss:3  | 50848 ||| Stepping ~*~*~tactically~*~*~ (hiding).
 50856 | Abyss:3  | 50856 ||| Stepping ~*~*~tactically~*~*~ (stealth).
 50857 | Abyss:3  | 50857 ||| INVOKING Heroism.
 50864 | Abyss:3  | Paralysed by accursed screaming for 1 turns
 50893 | Abyss:3  | 50893 ||| Stepping ~*~*~tactically~*~*~ (stealth).
 50895 | Abyss:3  | 50895 ||| Stepping ~*~*~tactically~*~*~ (stealth).
 50898 | Abyss:3  | Received a gift from Okawaru
 50915 | Abyss:3  | 50915 ||| Stepping ~*~*~tactically~*~*~ (stealth).
 50916 | Abyss:3  | 50916 ||| Stepping ~*~*~tactically~*~*~ (stealth).
 50917 | Abyss:3  | 50917 ||| Stepping ~*~*~tactically~*~*~ (stealth).
 50962 | Abyss:3  | 50962 ||| Stepping ~*~*~tactically~*~*~ (stealth).
 50963 | Abyss:3  | 50963 ||| Stepping ~*~*~tactically~*~*~ (stealth).
 50968 | Abyss:3  | 50968 ||| INVOKING Heroism.
 51020 | Abyss:3  | 51020 ||| Stepping ~*~*~tactically~*~*~ (stealth).
 51036 | Abyss:3  | 51036 ||| Stepping ~*~*~tactically~*~*~ (stealth).
 51084 | Abyss:3  | 51084 ||| Stepping ~*~*~tactically~*~*~ (stealth).
 51103 | Abyss:3  | 51103 ||| INVOKING Heroism.
 51115 | Vaults:5 | Escaped the Abyss
 51128 | Vaults:5 | HP: 12/155 [quicksilver dragon/bolt of dispelling energy
                  | (27)]
 51129 | Vaults:5 | 51129 ||| READING 12 scrolls of teleportation.
 51130 | Vaults:5 | 51130 ||| DRINKING 5 potions of heal wounds.
 51131 | Vaults:5 | 51131 ||| READING 11 scrolls of teleportation.
 51132 | Vaults:5 | 51132 ||| DRINKING 4 potions of heal wounds.
 51149 | Vaults:5 | 51149 ||| Stepping ~*~*~tactically~*~*~ (hiding).
 51153 | Vaults:5 | 51153 ||| INVOKING Finesse.
 51156 | Vaults:5 | Noticed a golden dragon
 51157 | Vaults:5 | Received a gift from Okawaru
 51158 | Vaults:5 | Reached XP level 23. HP: 115/160 MP: 24/30
 51161 | Vaults:5 | 51161 ||| INVOKING Heroism.
 51178 | Vaults:5 | Received a gift from Okawaru
 51190 | Vaults:5 | Killed a golden dragon
 51190 | Vaults:5 | Received a gift from Okawaru
 51213 | Vaults:5 | Identified the +5 broad axe of Edwotauv {speed, rElec}
                  | (Okawaru gifted it to you on level 5 of the Vaults)
 51213 | Vaults:5 | Received a gift from Okawaru
 51232 | Vaults:5 | Noticed an ancient lich
 51232 | Vaults:5 | Noticed a golden dragon
 51234 | Vaults:5 | Reached skill level 12 in Throwing
 51237 | Vaults:5 | 51237 ||| INVOKING Finesse.
 51240 | Vaults:5 | Noticed Frederick
 51247 | Vaults:5 | Killed an ancient lich
 51283 | Vaults:5 | Killed Frederick
 51284 | Vaults:5 | Reached skill level 21 in Armour
 51288 | Vaults:5 | 51288 ||| INVOKING Finesse.
 51291 | Vaults:5 | Noticed a golden dragon
 51296 | Vaults:5 | Noticed a golden dragon
 51308 | Vaults:5 | Killed a golden dragon
 51323 | Vaults:5 | 51323 ||| INVOKING Heroism.
 51325 | Vaults:5 | Killed a golden dragon
 51331 | Vaults:5 | Killed a golden dragon
 51376 | Vaults:5 | Received a gift from Okawaru
 51494 | Vaults:5 | 51494 ||| READING scroll of enchant weapon.
 51494 | Vaults:5 | 51494 ||| ENCHANTING +4 vampiric broad axe.
 51666 | Vaults:5 | 51666 ||| INVOKING Heroism.
 51720 | Vaults:5 | 51720 ||| INVOKING Heroism.
 51750 | Vaults:5 | 51750 ||| INVOKING Heroism.
 51751 | Vaults:5 | 51751 ||| INVOKING Finesse.
 51808 | Vaults:5 | Got a silver rune of Zot
 51821 | Vaults:5 | 51821 ||| INVOKING Heroism.
 52099 | Vaults:5 | 52099 ||| READING scroll of enchant weapon.
 52099 | Vaults:5 | 52099 ||| ENCHANTING +5 vampiric broad axe.
 52137 | Vaults:5 | Identified the +0 leather armour of the Haunted God
                  | {Regen+}
 52236 | Vaults:5 | Identified the +6 short sword of Guile {vamp, *Corrode
                  | Str+8 Int-3 SInv}
 52337 | Vaults:5 | 52337 ||| PLANNING SHOPPING SPREE
 52337 | Vaults:5 | 52337 ||| DROPPING +2 plate armour of cold resistance.
 52338 | Vaults:5 | 52338 ||| DROPPING +1 helmet of intelligence.
 52339 | Vaults:5 | 52339 ||| DROPPING ring of fire.
 52393 | Vaults:4 | 52393 ||| BUYING 2 potions of magic (576 gold).
 52393 | Vaults:4 | Bought 2 potions of magic for 576 gold pieces
 52675 | Orc:2    | 52675 ||| BUYING ring "Menar" {rPois rN+ rCorr Int+6} (855
                  | gold).
 52675 | Orc:2    | Bought the ring "Menar" {rPois rN+ rCorr Int+6} for 855
                  | gold pieces
 52675 | Orc:2    | 52675 ||| DROPPING ring of resist corrosion.
 52676 | Orc:2    | 52676 ||| CLEARING SHOPPING LIST
 52676 | Orc:2    | 52676 ||| PLANNING ZOT:1-4
 52676 | Orc:2    | 52676 ||| READING 10 scrolls of teleportation.
 52681 | Orc:2    | 52681 ||| UPGRADING to +0 gold dragon scales.
 52691 | Orc:2    | 52691 ||| UPGRADING to ring of protection from fire.
 52693 | Orc:2    | 52693 ||| UPGRADING to +4 ring of evasion.
 52960 | Zot:1    | Entered Level 1 of the Realm of Zot
 52971 | Zot:1    | 52971 ||| INVOKING Heroism.
 53060 | Zot:1    | 53060 ||| INVOKING Heroism.
 53074 | Zot:1    | Reached XP level 24. HP: 168/168 MP: 30/30
 53122 | Zot:1    | Received a gift from Okawaru
 53136 | Zot:1    | 53136 ||| Stepping ~*~*~tactically~*~*~ (stealth).
 53137 | Zot:1    | 53137 ||| Stepping ~*~*~tactically~*~*~ (stealth).
 53138 | Zot:1    | 53138 ||| Stepping ~*~*~tactically~*~*~ (stealth).
 53139 | Zot:1    | 53139 ||| Stepping ~*~*~tactically~*~*~ (stealth).
 53180 | Zot:1    | 53180 ||| INVOKING Heroism.
 53211 | Zot:1    | Received a gift from Okawaru
 53295 | Zot:1    | Noticed an orb of fire
 53566 | Zot:1    | 53566 ||| Stepping ~*~*~tactically~*~*~ (hiding).
 53580 | Zot:1    | 53580 ||| Stepping ~*~*~tactically~*~*~ (hiding).
 53581 | Zot:1    | 53581 ||| Stepping ~*~*~tactically~*~*~ (hiding).
 53582 | Zot:1    | 53582 ||| Stepping ~*~*~tactically~*~*~ (hiding).
 53643 | Zot:1    | 53643 ||| INVOKING Heroism.
 53753 | Zot:1    | 53753 ||| INVOKING Heroism.
 53760 | Zot:1    | Received a gift from Okawaru
 53763 | Zot:1    | 53763 ||| Stepping ~*~*~tactically~*~*~ (hiding).
 53812 | Zot:1    | 53812 ||| Stepping ~*~*~tactically~*~*~ (hiding).
 53861 | Zot:1    | 53861 ||| INVOKING Heroism.
 53898 | Zot:1    | Identified the ring "Qisungiv" {Ice SInv}
 53898 | Zot:1    | Noticed Josephina
 53899 | Zot:1    | 53899 ||| Stepping ~*~*~tactically~*~*~ (hiding).
 53922 | Zot:1    | Killed Josephina
 54094 | Zot:1    | 54094 ||| Stepping ~*~*~tactically~*~*~ (hiding).
 54098 | Zot:1    | 54098 ||| INVOKING Heroism.
 54141 | Zot:1    | 54141 ||| DROPPING +1 plate armour of fire resistance.
 54157 | Zot:2    | 54157 ||| INVOKING Heroism.
 54181 | Zot:2    | 54181 ||| INVOKING Heroism.
 54241 | Zot:2    | 54241 ||| INVOKING Heroism.
 54414 | Zot:2    | You are sucked into a shaft and drop 2 floors!
 54429 | Zot:4    | 54429 ||| INVOKING Heroism.
 54462 | Zot:4    | Noticed a curse toe
 54468 | Zot:4    | Killed a curse toe
 54502 | Zot:3    | 54502 ||| INVOKING Heroism.
 54541 | Zot:3    | 54541 ||| Stepping ~*~*~tactically~*~*~ (hiding).
 54542 | Zot:3    | 54542 ||| Stepping ~*~*~tactically~*~*~ (hiding).
 54550 | Zot:3    | 54550 ||| Stepping ~*~*~tactically~*~*~ (hiding).
 54564 | Zot:3    | 54564 ||| DRINKING 7 potions of cancellation.
 54667 | Zot:3    | 54667 ||| Stepping ~*~*~tactically~*~*~ (stealth).
 54687 | Zot:3    | 54687 ||| Stepping ~*~*~tactically~*~*~ (hiding).
 54691 | Zot:3    | 54691 ||| INVOKING Heroism.
 54703 | Zot:3    | 54703 ||| Stepping ~*~*~tactically~*~*~ (hiding).
 54720 | Zot:3    | 54720 ||| Stepping ~*~*~tactically~*~*~ (hiding).
 54723 | Zot:3    | 54723 ||| Stepping ~*~*~tactically~*~*~ (hiding).
 54743 | Zot:3    | 54743 ||| Stepping ~*~*~tactically~*~*~ (hiding).
 54749 | Zot:3    | 54749 ||| Stepping ~*~*~tactically~*~*~ (hiding).
 54751 | Zot:3    | 54751 ||| Stepping ~*~*~tactically~*~*~ (hiding).
 54766 | Zot:3    | 54766 ||| READING scroll of enchant armour.
 54766 | Zot:3    | 54766 ||| ENCHANTING +0 gold dragon scales.
 54876 | Zot:3    | 54876 ||| INVOKING Heroism.
 54943 | Zot:3    | 54943 ||| Stepping ~*~*~tactically~*~*~ (stealth).
 54957 | Zot:3    | 54957 ||| Stepping ~*~*~tactically~*~*~ (stealth).
 54963 | Zot:3    | 54963 ||| INVOKING Heroism.
 55168 | Zot:2    | 55168 ||| INVOKING Heroism.
 55207 | Zot:2    | 55207 ||| INVOKING Heroism.
 55240 | Zot:2    | 55240 ||| INVOKING Heroism.
 55394 | Zot:2    | 55394 ||| Stepping ~*~*~tactically~*~*~ (hiding).
 55396 | Zot:2    | 55396 ||| INVOKING Heroism.
 55447 | Zot:2    | 55447 ||| INVOKING Heroism.
 55652 | Zot:2    | 55652 ||| INVOKING Heroism.
 55699 | Zot:2    | Identified the +0 kite shield of Bamid {rPois} (Okawaru
                  | gifted it to you on level 2 of the Realm of Zot)
 55699 | Zot:2    | Received a gift from Okawaru
 55910 | Zot:3    | 55910 ||| Stepping ~*~*~tactically~*~*~ (hiding).
 55913 | Zot:3    | 55913 ||| Stepping ~*~*~tactically~*~*~ (hiding).
 55916 | Zot:3    | 55916 ||| INVOKING Heroism.
 55968 | Zot:3    | 55968 ||| DRINKING 6 potions of cancellation.
 56063 | Zot:3    | 56063 ||| Stepping ~*~*~tactically~*~*~ (stealth).
 56246 | Zot:3    | 56246 ||| INVOKING Heroism.
 56261 | Zot:3    | Reached XP level 25. HP: 178/178 MP: 30/30
 56285 | Zot:3    | Identified the +0 ring mail "Maaluc" {Harm}
 56332 | Zot:3    | 56332 ||| Stepping ~*~*~tactically~*~*~ (hiding).
 56336 | Zot:3    | 56336 ||| Stepping ~*~*~tactically~*~*~ (hiding).
 56370 | Zot:3    | 56370 ||| Stepping ~*~*~tactically~*~*~ (stealth).
 56371 | Zot:3    | 56371 ||| Stepping ~*~*~tactically~*~*~ (stealth).
 56372 | Zot:3    | 56372 ||| Stepping ~*~*~tactically~*~*~ (stealth).
 56373 | Zot:3    | 56373 ||| Stepping ~*~*~tactically~*~*~ (stealth).
 56375 | Zot:3    | 56375 ||| Stepping ~*~*~tactically~*~*~ (hiding).
 56393 | Zot:3    | 56393 ||| Stepping ~*~*~tactically~*~*~ (hiding).
 56396 | Zot:3    | 56396 ||| INVOKING Heroism.
 56910 | Zot:4    | 56910 ||| INVOKING Heroism.
 56912 | Zot:4    | Noticed an orb of fire
 56913 | Zot:4    | 56913 ||| DRINKING 4 potions of resistance.
 56914 | Zot:4    | 56914 ||| INVOKING Finesse.
 56927 | Zot:4    | Reached skill level 24 in Fighting
 56930 | Zot:4    | Gained mutation: Armour fits poorly on your strangely
                  | shaped body. [an orb of fire]
 56939 | Zot:4    | Gained mutation: You possess an exceptional clarity of
                  | mind. [an orb of fire]
 56945 | Zot:4    | Killed an orb of fire
 56955 | Zot:4    | 56955 ||| DRINKING 8 potions of mutation.
 56955 | Zot:4    | Lost mutation: You possess an exceptional clarity of mind.
                  | [potion of mutation]
 56955 | Zot:4    | Lost mutation: Your movements are slightly less encumbered
                  | by armour. (ER -2) [potion of mutation]
 56955 | Zot:4    | Lost mutation: Your spells are a little harder to cast, but
                  | a little more powerful. [potion of mutation]
 56955 | Zot:4    | Gained mutation: Your spells are a little easier to cast,
                  | but a little less powerful. [potion of mutation]
 56955 | Zot:4    | Gained mutation: You are dopey. (Int -2) [potion of
                  | mutation]
 56955 | Zot:4    | Gained mutation: You have hidden genetic defects. [potion
                  | of mutation]
 56956 | Zot:4    | 56956 ||| DRINKING 7 potions of mutation.
 56956 | Zot:4    | Lost mutation: You are dopey. (Int -2) [potion of mutation]
 56956 | Zot:4    | Lost mutation: You have hidden genetic defects. [potion of
                  | mutation]
 56956 | Zot:4    | Gained mutation: You have a pair of small horns on your
                  | head. [potion of mutation]
 56957 | Zot:4    | 56957 ||| DRINKING 6 potions of mutation.
 56957 | Zot:4    | Lost mutation: You have a pair of small horns on your head.
                  | [potion of mutation]
 56957 | Zot:4    | Lost mutation: Your spells are a little easier to cast, but
                  | a little less powerful. [potion of mutation]
 56957 | Zot:4    | Gained mutation: Your muscles are strong. (Str +4, Int/Dex
                  | -1) [potion of mutation]
 56957 | Zot:4    | Gained mutation: You are somewhat resistant to further
                  | mutation. [potion of mutation]
 56957 | Zot:4    | Gained mutation: You passively map a small area around you.
                  | [potion of mutation]
 56958 | Zot:4    | 56958 ||| DRINKING 5 potions of mutation.
 56958 | Zot:4    | Lost mutation: You passively map a small area around you.
                  | [potion of mutation]
 56958 | Zot:4    | Lost mutation: You are somewhat resistant to further
                  | mutation. [potion of mutation]
 56958 | Zot:4    | Gained mutation: You have sharp fingernails. [potion of
                  | mutation]
 56958 | Zot:4    | Gained mutation: You possess an exceptional clarity of
                  | mind. [potion of mutation]
 56976 | Zot:4    | 56976 ||| DRINKING 4 potions of mutation.
 56976 | Zot:4    | Lost mutation: You possess an exceptional clarity of mind.
                  | [potion of mutation]
 56976 | Zot:4    | Lost mutation: Your muscles are strong. (Str +4, Int/Dex
                  | -1) [potion of mutation]
 56976 | Zot:4    | Gained mutation: You occasionally lose the ability to drink
                  | potions when taking damage. [potion of mutation]
 56976 | Zot:4    | Gained mutation: You expend magic power (3 MP) to
                  | strengthen your wands. [potion of mutation]
 56977 | Zot:4    | 56977 ||| DRINKING 3 potions of mutation.
 56977 | Zot:4    | Lost mutation: You occasionally lose the ability to drink
                  | potions when taking damage. [potion of mutation]
 56977 | Zot:4    | Lost mutation: You have sharp fingernails. [potion of
                  | mutation]
 56977 | Zot:4    | Lost mutation: You expend magic power (3 MP) to strengthen
                  | your wands. [potion of mutation]
 56977 | Zot:4    | Gained mutation: Your muscles are strong. (Str +4, Int/Dex
                  | -1) [potion of mutation]
 56977 | Zot:4    | Gained mutation: You are covered in fur. (AC +1) [potion of
                  | mutation]
 56977 | Zot:4    | Gained mutation: Your spells are a little harder to cast,
                  | but a little more powerful. [potion of mutation]
 56978 | Zot:4    | 56978 ||| DRINKING 2 potions of mutation.
 56978 | Zot:4    | Lost mutation: Your spells are a little harder to cast, but
                  | a little more powerful. [potion of mutation]
 56978 | Zot:4    | Lost mutation: Armour fits poorly on your strangely shaped
                  | body. [potion of mutation]
 56978 | Zot:4    | Gained mutation: You have hidden genetic defects. [potion
                  | of mutation]
 56978 | Zot:4    | Gained mutation: Your spells are a little harder to cast,
                  | but a little more powerful. [potion of mutation]
 57229 | Zot:4    | 57229 ||| INVOKING Heroism.
 57510 | Zot:4    | 57510 ||| INVOKING Heroism.
 57713 | Zot:4    | 57713 ||| PLANNING THE SHINING ONE WORSHIP
 57713 | Zot:4    | 57713 ||| UPGRADING to +2 helmet of see invisible.
 58135 | Temple   | Fell from the grace of Okawaru
 58135 | Temple   | Became a worshipper of the Shining One
 58136 | Temple   | 58136 ||| PLANNING CRYPT
 58136 | Temple   | 58136 ||| SWAPPING to +4 broad axe of Rangarph {holy, rElec
                  | rPois Dex+4}.
 58455 | Crypt:1  | Entered Level 1 of the Crypt
 58505 | Crypt:1  | Reached * piety under the Shining One
 58586 | Crypt:1  | 58586 ||| Stepping ~*~*~tactically~*~*~ (stealth).
 58643 | Crypt:1  | HP: 41/178 [titan[the fury of Okawaru] (9)]
 58644 | Crypt:1  | 58644 ||| READING 11 scrolls of teleportation.
 58645 | Crypt:1  | 58645 ||| DRINKING 5 potions of heal wounds.
 58658 | Crypt:1  | Reached ** piety under the Shining One
 58659 | Crypt:1  | 58659 ||| Stepping ~*~*~tactically~*~*~ (hiding).
 58699 | Crypt:1  | 58699 ||| Stepping ~*~*~tactically~*~*~ (stealth).
 58982 | Crypt:1  | 58982 ||| Stepping ~*~*~tactically~*~*~ (stealth).
 59166 | Crypt:1  | Noticed Vv
 59167 | Crypt:1  | 59167 ||| DRINKING 3 potions of resistance.
 59185 | Crypt:1  | HP: 31/178 [Vv/creeping frost (22)]
 59186 | Crypt:1  | 59186 ||| READING 10 scrolls of teleportation.
 59187 | Crypt:1  | 59187 ||| DRINKING 4 potions of heal wounds.
 59190 | Crypt:1  | 59190 ||| DRINKING 3 potions of heal wounds.
 59505 | Crypt:1  | 59505 ||| Stepping ~*~*~tactically~*~*~ (hiding).
 59507 | Crypt:1  | 59507 ||| Stepping ~*~*~tactically~*~*~ (hiding).
 59523 | Crypt:1  | Reached *** piety under the Shining One
 59548 | Crypt:1  | Found a large runed translucent door.
 59548 | Crypt:1  | Found a large runed translucent door.
 59552 | Crypt:1  | Noticed Teduw's ghost (veteran MiGl)
 59702 | Crypt:1  | 59702 ||| Stepping ~*~*~tactically~*~*~ (stealth).
 59703 | Crypt:1  | Gained mutation: Armour fits poorly on your strangely
                  | shaped body. [hidden defects]
 59713 | Crypt:1  | 59713 ||| DRINKING potion of mutation.
 59713 | Crypt:1  | Lost mutation: Your muscles are strong. (Str +4, Int/Dex
                  | -1) [potion of mutation]
 59713 | Crypt:1  | Lost mutation: You have hidden genetic defects. [potion of
                  | mutation]
 59713 | Crypt:1  | Gained mutation: You are weak. (Str -2) [potion of
                  | mutation]
 59713 | Crypt:1  | Gained mutation: You are robust. (+10% HP) [potion of
                  | mutation]
 59713 | Crypt:1  | Gained mutation: You are partially covered in iridescent
                  | scales. (AC +2) [potion of mutation]
 59747 | Crypt:1  | 59747 ||| Stepping ~*~*~tactically~*~*~ (hiding).
 59761 | Crypt:1  | 59761 ||| Stepping ~*~*~tactically~*~*~ (stealth).
 59786 | Crypt:1  | 59786 ||| DRINKING 2 potions of resistance.
 59821 | Crypt:1  | HP: 36/195 [Vv (18)]
 59822 | Crypt:1  | 59822 ||| READING 9 scrolls of teleportation.
 59823 | Crypt:1  | 59823 ||| DRINKING 2 potions of heal wounds.
 60205 | Crypt:1  | Reached **** piety under the Shining One
 60249 | Crypt:1  | 60249 ||| Stepping ~*~*~tactically~*~*~ (stealth).
 60319 | Crypt:1  | 60319 ||| DRINKING potion of resistance.
 60352 | Crypt:1  | HP: 46/195 [Vv (13)]
 60353 | Crypt:1  | 60353 ||| READING 8 scrolls of teleportation.
 60354 | Crypt:1  | 60354 ||| DRINKING potion of heal wounds.
 60791 | Crypt:1  | HP: 46/195 [Vv (11)]
 60792 | Crypt:1  | 60792 ||| READING 7 scrolls of teleportation.
 61337 | Crypt:1  | 61337 ||| UPGRADING to +0 hat of Lifelessness {Regen+
                  | rCorr}.
 61347 | Crypt:1  | 61347 ||| DROPPING +2 helmet of see invisible.
 61348 | Crypt:1  | 61348 ||| DROPPING ring "Qisungiv" {Ice SInv}.
 61392 | Crypt:2  | Reached skill level 12 in Invocations
 61463 | Crypt:2  | Found a runed translucent door.
 61465 | Crypt:2  | Reached ***** piety under the Shining One
 61535 | Crypt:2  | 61535 ||| FLEEEEING.
 61536 | Crypt:2  | 61536 ||| FLEEEEING.
 61537 | Crypt:2  | 61537 ||| FLEEEEING.
 61538 | Crypt:2  | 61538 ||| FLEEEEING.
 61539 | Crypt:2  | 61539 ||| FLEEEEING.
 61541 | Crypt:2  | 61541 ||| FLEEEEING.
 61542 | Crypt:2  | 61542 ||| FLEEEEING.
 61681 | Crypt:2  | 61681 ||| INVOKING Cleansing Flame.
 61682 | Crypt:2  | 61682 ||| INVOKING Cleansing Flame.
 61683 | Crypt:2  | 61683 ||| INVOKING Cleansing Flame.
 61684 | Crypt:2  | 61684 ||| INVOKING Cleansing Flame.
 61686 | Crypt:2  | 61686 ||| FLEEEEING.
 61687 | Crypt:2  | 61687 ||| FLEEEEING.
 61688 | Crypt:2  | 61688 ||| FLEEEEING.
 61689 | Crypt:2  | 61689 ||| FLEEEEING.
 61690 | Crypt:2  | 61690 ||| FLEEEEING.
 61691 | Crypt:2  | 61691 ||| FLEEEEING.
 61692 | Crypt:2  | 61692 ||| FLEEEEING.
 61696 | Crypt:2  | 61696 ||| FLEEEEING.
 61697 | Crypt:2  | 61697 ||| FLEEEEING.
 61700 | Crypt:2  | 61700 ||| FLEEEEING.
 61701 | Crypt:2  | 61701 ||| FLEEEEING.
 61702 | Crypt:2  | 61702 ||| FLEEEEING.
 61703 | Crypt:2  | 61703 ||| FLEEEEING.
 61704 | Crypt:2  | 61704 ||| STAIRDANCE
 61959 | Crypt:2  | Noticed Bunoc's ghost (veteran FoFi)
 62093 | Crypt:2  | 62093 ||| FLEEEEING.
 62094 | Crypt:2  | 62094 ||| FLEEEEING.
 62095 | Crypt:2  | 62095 ||| FLEEEEING.
 62096 | Crypt:2  | 62096 ||| FLEEEEING.
 62097 | Crypt:2  | 62097 ||| FLEEEEING.
 62098 | Crypt:2  | 62098 ||| FLEEEEING.
 62099 | Crypt:2  | 62099 ||| FLEEEEING.
 62100 | Crypt:2  | 62100 ||| FLEEEEING.
 62101 | Crypt:2  | 62101 ||| FLEEEEING.
 62157 | Crypt:2  | 62157 ||| DRINKING 16 potions of curing.
 62157 | Crypt:2  | 62157 ||| (to cure confusion)
 62162 | Crypt:2  | 62162 ||| FLEEEEING.
 62163 | Crypt:2  | 62163 ||| FLEEEEING.
 62168 | Crypt:2  | 62168 ||| FLEEEEING.
 62169 | Crypt:2  | 62169 ||| FLEEEEING.
 62178 | Crypt:2  | 62178 ||| FLEEEEING.
 62179 | Crypt:2  | 62179 ||| FLEEEEING.
 62180 | Crypt:2  | 62180 ||| FLEEEEING.
 62181 | Crypt:2  | 62181 ||| STAIRDANCE
 62371 | Crypt:3  | Entered Level 3 of the Crypt
 62381 | Crypt:3  | Reached ****** piety under the Shining One
 62389 | Crypt:3  | 62389 ||| INVOKING Brand Weapon With Holy Wrath.
 62389 | Crypt:3  | Identified a +8 broad axe of holy wrath (a +6 vampiric
                  | broad axe blessed by the Shining One)
 62389 | Crypt:3  | Received a gift from the Shining One
 62390 | Crypt:3  | 62390 ||| SWAPPING to +8 broad axe of holy wrath.
 62391 | Crypt:3  | 62391 ||| DROPPING +4 broad axe of Rangarph {holy, rElec
                  | rPois Dex+4}.
 62406 | Crypt:3  | 62406 ||| INVOKING Summon Divine Warrior.
 62465 | Crypt:3  | 62465 ||| INVOKING Summon Divine Warrior.
 62658 | Crypt:3  | 62658 ||| Stepping ~*~*~tactically~*~*~ (stealth).
 62659 | Crypt:3  | 62659 ||| Stepping ~*~*~tactically~*~*~ (stealth).
 62661 | Crypt:3  | 62661 ||| Stepping ~*~*~tactically~*~*~ (stealth).
 62811 | Crypt:3  | 62811 ||| Stepping ~*~*~tactically~*~*~ (stealth).
 62813 | Crypt:3  | 62813 ||| Stepping ~*~*~tactically~*~*~ (stealth).
 62815 | Crypt:3  | 62815 ||| Stepping ~*~*~tactically~*~*~ (stealth).
 62816 | Crypt:3  | 62816 ||| Stepping ~*~*~tactically~*~*~ (stealth).
 62817 | Crypt:3  | 62817 ||| Stepping ~*~*~tactically~*~*~ (stealth).
 62826 | Crypt:3  | Reached skill level 15 in Invocations
 62866 | Crypt:3  | Noticed a dread lich
 62867 | Crypt:3  | 62867 ||| INVOKING Summon Divine Warrior.
 62876 | Crypt:3  | Killed a dread lich
 62912 | Crypt:3  | Reached XP level 26. HP: 198/202 MP: 34/34
 63002 | Crypt:3  | Found a basalt altar of Yredelemnul.
 63041 | Crypt:3  | Found the +8 Vampire's Tooth {vamp}
 63345 | Crypt:3  | Found a staircase to the Tomb.
 63693 | Crypt:3  | 63693 ||| PLANNING TOMB
 63693 | Crypt:3  | 63693 ||| DROPPING +2 plate armour of willpower.
 63694 | Crypt:3  | 63694 ||| DROPPING +6 ring of dexterity.
 63704 | Crypt:3  | Was forgiven by Okawaru
 63765 | Tomb:1   | Entered Level 1 of the Tomb of the Ancients
 63834 | Tomb:1   | 63834 ||| INVOKING Cleansing Flame.
 63835 | Tomb:1   | 63835 ||| INVOKING Cleansing Flame.
 63990 | Tomb:1   | 63990 ||| DRINKING 18 potions of curing.
 63990 | Tomb:1   | 63990 ||| (to cure confusion)
 63995 | Tomb:1   | Paralysed by a sphinx for 2 turns
 63999 | Tomb:1   | Paralysed by a sphinx for 5 turns
 64007 | Tomb:1   | 64007 ||| DRINKING 17 potions of curing.
 64007 | Tomb:1   | 64007 ||| (to cure confusion)
 64192 | Tomb:1   | 64192 ||| Stepping ~*~*~tactically~*~*~ (hiding).
 64203 | Tomb:1   | Noticed a royal mummy
 64204 | Tomb:1   | 64204 ||| INVOKING Summon Divine Warrior.
 64204 | Tomb:1   | Identified the +0 tower shield of the Pits of Slime {Will+}
 64225 | Tomb:1   | 64225 ||| INVOKING Cleansing Flame.
 64226 | Tomb:1   | 64226 ||| INVOKING Cleansing Flame.
 64227 | Tomb:1   | 64227 ||| INVOKING Cleansing Flame.
 64228 | Tomb:1   | 64228 ||| INVOKING Cleansing Flame.
 64228 | Tomb:1   | Killed a royal mummy
 64310 | Tomb:1   | 64310 ||| INVOKING Cleansing Flame.
 64311 | Tomb:1   | 64311 ||| INVOKING Cleansing Flame.
 64312 | Tomb:1   | 64312 ||| INVOKING Cleansing Flame.
 64314 | Tomb:1   | Noticed a royal mummy
 64316 | Tomb:1   | 64316 ||| INVOKING Cleansing Flame.
 64318 | Tomb:1   | Identified the +11 mace "Merharoc" {pain, rF- Will+ Dex+4}
 64321 | Tomb:1   | 64321 ||| INVOKING Cleansing Flame.
 64330 | Tomb:1   | Killed a royal mummy
 64491 | Tomb:1   | Noticed a royal mummy
 64495 | Tomb:1   | 64495 ||| INVOKING Cleansing Flame.
 64504 | Tomb:1   | 64504 ||| INVOKING Cleansing Flame.
 64505 | Tomb:1   | 64505 ||| INVOKING Cleansing Flame.
 64506 | Tomb:1   | 64506 ||| INVOKING Cleansing Flame.
 64510 | Tomb:1   | Killed a royal mummy
 64678 | Tomb:2   | 64678 ||| DRINKING 9 potions of haste.
 64678 | Tomb:2   | Noticed a royal mummy
 64678 | Tomb:2   | Noticed a royal mummy
 64679 | Tomb:2   | 64679 ||| DRINKING 7 potions of attraction.
 64680 | Tomb:2   | 64680 ||| INVOKING Cleansing Flame.
 64680 | Tomb:2   | Noticed a royal mummy
 64681 | Tomb:2   | 64681 ||| INVOKING Cleansing Flame.
 64682 | Tomb:2   | Reached skill level 18 in Invocations
 64682 | Tomb:2   | 64682 ||| INVOKING Cleansing Flame.
 64683 | Tomb:2   | 64683 ||| INVOKING Summon Divine Warrior.
 64684 | Tomb:2   | 64684 ||| INVOKING Cleansing Flame.
 64685 | Tomb:2   | Noticed a royal mummy
 64686 | Tomb:2   | Killed a royal mummy
 64689 | Tomb:2   | Killed a royal mummy
 64691 | Tomb:2   | Killed a royal mummy
 64694 | Tomb:2   | Killed a royal mummy
 64697 | Tomb:2   | 64697 ||| INVOKING Cleansing Flame.
 64754 | Tomb:2   | Identified the +2 scale mail of the Ant {rPois}
 64768 | Tomb:2   | 64768 ||| INVOKING Cleansing Flame.
 64769 | Tomb:2   | 64769 ||| INVOKING Cleansing Flame.
 65118 | Tomb:1   | Noticed a royal mummy
 65119 | Tomb:1   | 65119 ||| INVOKING Summon Divine Warrior.
 65125 | Tomb:1   | Noticed a royal mummy
 65128 | Tomb:1   | 65128 ||| INVOKING Summon Divine Warrior.
 65131 | Tomb:1   | Killed a royal mummy
 65133 | Tomb:1   | Noticed a royal mummy
 65134 | Tomb:1   | 65134 ||| INVOKING Summon Divine Warrior.
 65139 | Tomb:1   | 65139 ||| INVOKING Summon Divine Warrior.
 65140 | Tomb:1   | 65140 ||| INVOKING Cleansing Flame.
 65144 | Tomb:1   | Killed a royal mummy
 65144 | Tomb:1   | HP: 48/202 [torment (9)]
 65145 | Tomb:1   | 65145 ||| READING 7 scrolls of teleportation.
 65148 | Tomb:1   | Killed a royal mummy
 65438 | Tomb:1   | Noticed a royal mummy
 65439 | Tomb:1   | 65439 ||| INVOKING Summon Divine Warrior.
 65443 | Tomb:1   | 65443 ||| INVOKING Cleansing Flame.
 65443 | Tomb:1   | Killed a royal mummy
 65536 | Tomb:1   | Noticed a royal mummy
 65541 | Tomb:1   | 65541 ||| INVOKING Cleansing Flame.
 65541 | Tomb:1   | Identified the +2 long sword of Circularity {vorpal, rN++
                  | Str+3}
 65541 | Tomb:1   | Noticed a royal mummy
 65542 | Tomb:1   | 65542 ||| INVOKING Cleansing Flame.
 65542 | Tomb:1   | Killed a royal mummy
 65554 | Tomb:1   | 65554 ||| INVOKING Cleansing Flame.
 65555 | Tomb:1   | 65555 ||| INVOKING Cleansing Flame.
 65555 | Tomb:1   | Killed a royal mummy
 65560 | Tomb:1   | Noticed a royal mummy
 65564 | Tomb:1   | 65564 ||| INVOKING Cleansing Flame.
 65566 | Tomb:1   | Killed a royal mummy
 65623 | Tomb:1   | Noticed a royal mummy
 65632 | Tomb:1   | Killed a royal mummy
 65883 | Tomb:2   | 65883 ||| INVOKING Cleansing Flame.
 65885 | Tomb:2   | 65885 ||| Stepping ~*~*~tactically~*~*~ (hiding).
 65916 | Tomb:2   | 65916 ||| INVOKING Cleansing Flame.
 65922 | Tomb:2   | 65922 ||| INVOKING Cleansing Flame.
 65923 | Tomb:2   | 65923 ||| INVOKING Cleansing Flame.
 65956 | Tomb:2   | 65956 ||| READING 2 scrolls of enchant weapon.
 65956 | Tomb:2   | 65956 ||| ENCHANTING +8 broad axe of holy wrath.
 66027 | Tomb:3   | Entered Level 3 of the Tomb of the Ancients
 66028 | Tomb:3   | 66028 ||| DRINKING 8 potions of haste.
 66029 | Tomb:3   | 66029 ||| DRINKING 6 potions of attraction.
 66033 | Tomb:3   | 66033 ||| INVOKING Cleansing Flame.
 66046 | Tomb:3   | Reached skill level 21 in Invocations
 66048 | Tomb:3   | Reached XP level 27. HP: 189/209 MP: 37/37
 66049 | Tomb:3   | Noticed a royal mummy
 66050 | Tomb:3   | 66050 ||| INVOKING Summon Divine Warrior.
 66052 | Tomb:3   | 66052 ||| INVOKING Cleansing Flame.
 66053 | Tomb:3   | 66053 ||| INVOKING Cleansing Flame.
 66054 | Tomb:3   | 66054 ||| INVOKING Cleansing Flame.
 66054 | Tomb:3   | Killed a royal mummy
 66071 | Tomb:3   | Noticed a royal mummy
 66072 | Tomb:3   | 66072 ||| INVOKING Cleansing Flame.
 66073 | Tomb:3   | 66073 ||| INVOKING Summon Divine Warrior.
 66075 | Tomb:3   | 66075 ||| INVOKING Cleansing Flame.
 66078 | Tomb:3   | 66078 ||| INVOKING Cleansing Flame.
 66079 | Tomb:3   | 66079 ||| INVOKING Cleansing Flame.
 66079 | Tomb:3   | Killed a royal mummy
 66083 | Tomb:3   | 66083 ||| INVOKING Cleansing Flame.
 66084 | Tomb:3   | 66084 ||| INVOKING Cleansing Flame.
 66085 | Tomb:3   | 66085 ||| INVOKING Cleansing Flame.
 66086 | Tomb:3   | 66086 ||| DRINKING 8 potions of magic.
 66090 | Tomb:3   | 66090 ||| INVOKING Cleansing Flame.
 66094 | Tomb:3   | Noticed a royal mummy
 66100 | Tomb:3   | Killed a royal mummy
 66203 | Tomb:3   | Identified the +5 flail of Darkness {distort, Will+++}
 66346 | Tomb:3   | Noticed a royal mummy
 66348 | Tomb:3   | 66348 ||| INVOKING Cleansing Flame.
 66356 | Tomb:3   | Killed a royal mummy
 66371 | Tomb:3   | 66371 ||| INVOKING Cleansing Flame.
 66375 | Tomb:3   | Noticed a royal mummy
 66382 | Tomb:3   | 66382 ||| INVOKING Cleansing Flame.
 66384 | Tomb:3   | Killed a royal mummy
 66495 | Tomb:3   | Noticed a royal mummy
 66503 | Tomb:3   | 66503 ||| INVOKING Cleansing Flame.
 66504 | Tomb:3   | 66504 ||| INVOKING Cleansing Flame.
 66505 | Tomb:3   | 66505 ||| INVOKING Cleansing Flame.
 66506 | Tomb:3   | 66506 ||| INVOKING Cleansing Flame.
 66507 | Tomb:3   | 66507 ||| INVOKING Cleansing Flame.
 66507 | Tomb:3   | Killed a royal mummy
 66599 | Tomb:3   | Noticed a royal mummy
 66608 | Tomb:3   | Killed a royal mummy
 66649 | Tomb:3   | Got a golden rune of Zot
 66814 | Tomb:3   | 66814 ||| INVOKING Cleansing Flame.
 66822 | Tomb:3   | 66822 ||| INVOKING Cleansing Flame.
 66861 | Tomb:3   | Identified the amulet of Padihon {Spirit rElec rPois}
 67028 | Tomb:3   | Identified the +4 hand axe of Somewhere Else {vorpal,
                  | *Noise rN+ Int+6 Dex+3}
 67031 | Tomb:3   | Identified the +5 quarterstaff of Yhypn {freeze, rF++}
 67033 | Tomb:3   | Identified the +6 quarterstaff "Nurol" {distort, rElec
                  | rCorr Str+4 Int+3}
 67039 | Tomb:3   | Identified the +2 cloak "Urphaf" {rC+ Stlth+}
 67069 | Tomb:3   | Identified the +4 ring mail of Lust {Will+}
 67093 | Tomb:3   | 67093 ||| PLANNING PAN
 67093 | Tomb:3   | 67093 ||| DROPPING +2 plate armour of poison resistance.
 67094 | Tomb:3   | 67094 ||| UPGRADING to +2 cloak "Urphaf" {rC+ Stlth+}.
 67104 | Tomb:3   | 67104 ||| DROPPING +2 cloak.
 67105 | Tomb:3   | 67105 ||| DROPPING amulet of Padihon {Spirit rElec rPois}.
 67106 | Tomb:3   | 67106 ||| DROPPING ring of ice.
 67107 | Tomb:3   | 67107 ||| DROPPING ring of fire.
 67121 | Tomb:3   | Noticed a royal mummy
 67125 | Tomb:3   | 67125 ||| INVOKING Cleansing Flame.
 67130 | Tomb:3   | Killed a royal mummy
 67189 | Tomb:3   | Noticed a royal mummy
 67192 | Tomb:3   | 67192 ||| INVOKING Cleansing Flame.
 67195 | Tomb:3   | Killed a royal mummy
 67756 | Pan      | Entered Pandemonium
 67758 | Pan      | 67758 ||| Stepping ~*~*~tactically~*~*~ (hiding).
 67759 | Pan      | 67759 ||| Stepping ~*~*~tactically~*~*~ (hiding).
 67760 | Pan      | 67760 ||| Stepping ~*~*~tactically~*~*~ (hiding).
 67809 | Pan      | 67809 ||| Stepping ~*~*~tactically~*~*~ (stealth).
 67943 | Pan      | 67943 ||| Stepping ~*~*~tactically~*~*~ (hiding).
 67944 | Pan      | 67944 ||| Stepping ~*~*~tactically~*~*~ (hiding).
 67977 | Pan      | Identified the ring "Xauci" {rN++ Will++ EV+4 Str-5}
 67978 | Pan      | 67978 ||| Stepping ~*~*~tactically~*~*~ (stealth).
 67979 | Pan      | 67979 ||| Stepping ~*~*~tactically~*~*~ (stealth).
 68003 | Pan      | 68003 ||| Stepping ~*~*~tactically~*~*~ (stealth).
 68005 | Pan      | 68005 ||| Stepping ~*~*~tactically~*~*~ (hiding).
 68028 | Pan      | 68028 ||| Stepping ~*~*~tactically~*~*~ (hiding).
 68065 | Pan      | 68065 ||| DRINKING potion of experience.
 68065 | Pan      | Reached skill level 24 in Invocations
 68078 | Pan      | Found a glowing golden altar of the Shining One.
 68087 | Pan      | 68087 ||| Stepping ~*~*~tactically~*~*~ (hiding).
 68087 | Pan      | Noticed a seraph
 68088 | Pan      | 68088 ||| INVOKING Summon Divine Warrior.
 68113 | Pan      | Killed a seraph
 68223 | Pan      | Identified the +0 robe of Understanding {+Inv rC+ Stlth-}
 68225 | Pan      | Got a demonic rune of Zot
 68228 | Pan      | Identified the +8 double sword "Gianur" {pain, Str+2}
 68298 | Pan      | 68298 ||| Stepping ~*~*~tactically~*~*~ (hiding).
 68316 | Pan      | 68316 ||| INVOKING Summon Divine Warrior.
 68324 | Pan      | HP: 49/209 [daeva/divine providence (13)]
 68325 | Pan      | 68325 ||| READING 8 scrolls of teleportation.
 68330 | Pan      | 68330 ||| INVOKING Summon Divine Warrior.
 68330 | Pan      | HP: 39/209 [cherub/arrow (16)]
 68331 | Pan      | 68331 ||| READING 7 scrolls of teleportation.
 68337 | Pan      | 68337 ||| READING 6 scrolls of teleportation.
 68340 | Pan      | HP: 38/209 [daeva/divine providence (12)]
 68341 | Pan      | 68341 ||| READING 5 scrolls of teleportation.
 68356 | Pan      | 68356 ||| READING 4 scrolls of teleportation.
 68365 | Pan      | HP: 41/209 [daeva/divine providence (15)]
 68366 | Pan      | 68366 ||| READING 3 scrolls of teleportation.
 68367 | Pan      | HP: 17/209 [daeva/divine providence (12)]
 68369 | Pan      | HP: 7/209 [cherub/arrow (12)]
 68373 | Pan      | Found a white marble altar of Elyvilon.
 68374 | Pan      | 68374 ||| READING 2 scrolls of teleportation.
 68375 | Pan      | HP: 12/209 [angel/+2 whip of holy wrath (2)]
 68376 | Pan      | HP: 3/209 [angel/+2 whip of holy wrath (10)]
 68377 | Pan      | Found a glowing silver altar of Zin.
 68378 | Pan      | 68378 ||| READING scroll of teleportation.
 68378 | Pan      | The Shining One protects you from harm!
 68378 | Pan      | The Shining One protects you from harm!
 68378 | Pan      | Killed from afar by a daeva

Levels and vault maps discovered:
D:1:      dpeg_arrival_windows_large_door, layout_rooms, dreamdust_wishing_well,
          st_stairs_2
D:2:      layout_basic, hangedman_decor_slide_cut
D:3:      minmay_wonky_spiral, layout_loops_ring, mainiacjoe_overflow_alcove_1,
          nicolae_qazlal_style_of_elements, ebering_ghost_sewer_d,
          portal_sewer_entry_a
D:4:      layout_basic, bloody_makhleb, marbit_many_paths, zin_academy,
          minmay_temple_entry_overgrown, minmay_a_box_with_orc_wizards_in_it
D:5:      layout_cave_pods, kennysheep_generic_room_16, uniq_ijyb, uniq_edmund,
          uniq_eustachio
D:6:      layout_basic, kennysheep_little_box, serial_co_window_serial,
          co_window_paths_b, co_window_paths_b, co_window_corner_a,
          co_window_paths_a, co_window_paths_b, co_window_of_opportunity_b,
          co_window_of_opportunity_b, co_window_2corner, co_window_cross_3,
          co_window_of_opportunity_b, co_window_corner_b, glass_columns_a,
          glass_columns_b, glass_columns_b
D:7:      layout_basic, riverfiend_overflow_shadow_ancestor,
          nicolae_uskayaw_murder_on_the_dancefloor, mainiacjoe_overflow_catwalk,
          kennysheep_mini, mainiacjoe_overflow_six_doors_small
D:8:      layout_gridville, hangedman_feature_mirror, uniq_grum
D:9:      layout_small_grid
D:10:     layout_basic, gammafunk_ghost_wrathful_warriors, uniq_erolcha
D:11:     layout_basic, due_lair_maze_entry_diamond,
          minmay_orc_entry_temple_small
D:12:     layout_basic, kennysheep_okawaru_gauntlet
D:13:     layout_loops_ring
D:14:     layout_stronghold, david_vaults_2, minmay_misc_feat_plants,
          bh_hangedman_babel_library
D:15:     grunt_enter_depths_snipers, layout_rooms, gauntlet_entry_generic,
          hangedman_decor_points, minivault_4, lemuel_flame_loot_1
Temple:   hellmonk_temple_flake
Lair:1:   layout_misc_corridors, kennysheep_rathole, serial_bayou_shore_a
Lair:2:   layout_cave_shapes, spider_nest_entry_a
Lair:3:   layout_regular_city, palyth_hydra_swamp_entry, worms_lemuel,
          lemuel_fruit_tree
Lair:4:   layout_hall_layers, dpeg_slime_entry_corner
Lair:5:   evilmike_catoblepas_cave, layout_regular_city,
          minmay_shattered_shrine, grunt_megastairs_2, infiniplex_staircase_pool
Swamp:1:  layout_basic_swamp, evilmike_swamp_ruin_house_4
Swamp:2:  layout_basic_swamp, gammafunk_ghost_mausoleum,
          nicolae_swamp_tree_designs
Swamp:3:  layout_basic_swamp, nicolae_swamp_trees_clearing
Swamp:4:  swamp_pestilence, layout_basic_swamp, uniq_bai_suzhen
Spider:1: layout_spider_delve, hangedman_spider_tarantella_strand, uniq_azrael
Spider:2: layout_spider_delve, uniq_jorgrun, uniq_asterion
Spider:3: layout_chambers, ebering_ghost_rock_garden
Spider:4: guppyfry_spider_rune, hangedman_stitches_earthworm, uniq_nikola
Orc:1:    layout_caves, gammafunk_ghost_berserking_beasts,
          nicolae_volcano_entry_hallway
Orc:2:    grunt_orc_gardens, layout_diamond_mine, grunt_orc_garden,
          grunt_orc_garden, grunt_orc_garden, grunt_orc_garden,
          portal_ice_cave_rime
Vaults:1: hangedman_vaults_stretched_pinwheel, v_pattern_5,
          nicolae_vaults_yaktaur_gun_rack, special_room_vaults
          [special_room_orc], nicolae_vaults_alarming,
          nicolae_vaults_sealed_display, hangedman_vaults_nails,
          layout_vaults_omnigrid
Vaults:2: nicolae_vaults_back_hallway, vaults_mumra_minichess,
          hangedman_vaults_capsules, hangedman_vaults_locks,
          nicolae_vaults_little_squares_6, nicolae_vaults_ring_of_whatevers,
          serial_ice_b, vaults_room_grunt_arrival_checkpoint,
          layout_vaults_big_room, uniq_sojobo
Vaults:3: infiniplex_enter_wizlab_water, v_pattern_2,
          nicolae_vaults_network_barrier, grunt_vaults_diagonal,
          minmay_crypt_entry_necro_gods, nicolae_vaults_circle_grid_a, st_check,
          hangedman_vaults_snaps, nicolae_vaults_asterisk,
          hangedman_vaults_maws, ontoclasm_vaults_gateway, grunt_vaults_twisty,
          grunt_vaults_hallway_short, layout_vaults_ring, serial_shops,
          nicolae_shop_behind_doors, shop, nicolae_shop_crystal,
          nicolae_lakefront_shop, nicolae_square_shop
Vaults:4: gammafunk_the_bubble [the_bubble_gammafunk_crates],
          vaults_room_door_ring, v_misc_3, nicolae_vaults_diagonal_hallway_9,
          nicolae_vaults_network_s, vaults_room_fancy_cross, v_misc_11,
          nicolae_vaults_ninety_degrees, vaults_room_fours, vaults_room_grid,
          layout_vaults_omnibox, serial_shops, shop_coins
Vaults:5: serial_shops, uniq_frederick
Crypt:1:  layout_misc_corridors, ebering_ghost_disaster_area,
          minmay_misc_feat_ornament, lemuel_dead_fish_pool,
          grunt_crypt_arrival_webbed, uniq_vv
Crypt:2:  layout_misc_corridors, ebering_ghost_inner_flame
Crypt:3:  cryptofortress_bobbens
Tomb:1
Tomb:2
Tomb:3
Depths:1: layout_twisted_cross, enter_ziggurat_e, serial_shops, shop,
          grunt_hell_entry_dis_old, nicolae_benzene_ring,
          kennysheep_big_empty_room, nicolae_concentric_dashed_squares_mild,
          dreamdust_looks_like_rain
Depths:2: nicolae_terramorphic_expanse [nicolae_terramorphic_quarter,
          nicolae_terramorphic_quarter, nicolae_terramorphic_quarter,
          nicolae_terramorphic_quarter, nicolae_terramorphic_quarter,
          nicolae_terramorphic_biome, nicolae_terramorphic_biome,
          nicolae_terramorphic_biome, nicolae_terramorphic_biome], layout_basic,
          grunt_dithmenos_smoke, pan_entry, hell_entry, serial_shops,
          shop_fountains, uniq_mara, uniq_aizul
Depths:3: minmay_bad_star, layout_basic, hex_intersection,
          minmay_room_of_horrors, hell_entry, eino_curves_01,
          fake_guardian_serpent_vault
Depths:4: grunt_zot_entry_pinwheel, layout_cave_pools, hell_entry, serial_shops,
          nicolae_shop_hallway_stairs, ashenzari_altar_1, lemuel_angel_altar
Zot:1:    layout_misc_corridors, nrook_zot_tub, uniq_josephina
Zot:2:    layout_gridville
Zot:3:    layout_basic, st_stairs_5, skrybe_zot_glass_3, grunt_megastairs_1,
          lemuel_elevator
Zot:4:    layout_gridville
Pan:      evilmike_holy_pan

Skill      XL: |  1  2  3  4  5  6  7  8  9 10 11 12 13 14 15 16 17 18 19 20 21 22 23 24 25 26 27 |
---------------+----------------------------------------------------------------------------------+-----
Axes           | 2 3 4 5 6 7 8 9 11 12 14 15 16 18 | 18.0
Fighting       | 4 5 6 7 8 9 10 11 12 13 15 17 18 19 21 22 23 24 | 24.1
Dodging        | 1 2 3 4 5 6 7 8 |  8.2
Invocations    | 4 9 10 15 21 24 | 24.7
Throwing       | 1 4 6 7 8 9 10 12 13 14 | 14.0
Armour         | 4 6 7 8 9 10 11 12 14 16 18 19 20 21 22 | 22.2
Shields        | 4 5 9 14 15 16 17 18 19 20 21 22 | 22.0

Action                   |  1- 3 |  4- 6 |  7- 9 | 10-12 | 13-15 | 16-18 | 19-21 | 22-24 | 25-27 || total
-------------------------+-------+-------+-------+-------+-------+-------+-------+-------+-------++-------
Melee: War axe           |   113 |   200 |   381 |   661 |  1235 |   389 |       |       |       ||  2979
       Morningstar       |       |       |       |       |    61 |    92 |       |       |       ||   153
       Broad axe         |       |       |       |       |       |  1218 |  1946 |  1644 |  1594 ||  6402
Throw: Boomerang         |       |       |    47 |    26 |    24 |    55 |    43 |       |     4 ||   199
       Javelin           |       |       |       |    29 |    35 |   177 |    88 |    43 |   111 ||   483
Invok: Heroism           |       |       |    17 |    30 |    52 |    42 |    49 |    54 |     4 ||   248
       Finesse           |       |       |       |     2 |    11 |    14 |    12 |     7 |     1 ||    47
       Cleansing Flame   |       |       |       |       |       |       |       |       |    61 ||    61
       Summon Divine War |       |       |       |       |       |       |       |       |    15 ||    15
       Brand Weapon With |       |       |       |       |       |       |       |       |     1 ||     1
  Use: Scroll            |     3 |     4 |     8 |     5 |     7 |     6 |     8 |     7 |    15 ||    63
       Potion            |     3 |     3 |     4 |     1 |     2 |     2 |     4 |     9 |    26 ||    54
 Stab: Distracted        |       |       |       |       |     1 |       |       |     1 |       ||     2
       Petrified         |       |       |       |       |     9 |       |       |       |       ||     9
       Petrifying        |       |       |       |       |     1 |       |       |       |       ||     1
       Confused          |       |       |       |       |     1 |       |       |     9 |       ||    10
Armor: Scale mail        |    72 |    72 |       |       |       |       |       |       |       ||   144
       Chain mail        |       |    25 |   134 |       |       |       |       |       |       ||   159
       Plate armour      |       |       |   114 |   416 |   548 |   892 |   691 |   502 |       ||  3163
       Skin              |       |       |       |       |     7 |       |       |       |       ||     7
       Gold dragon scale |       |       |       |       |       |       |       |   399 |   767 ||  1166
Dodge: Dodged            |    33 |    63 |   179 |   175 |   231 |   399 |   417 |   610 |   439 ||  2546
Block: Buckler           |    17 |    30 |    82 |   103 |       |       |       |       |       ||   232
       Tower shield      |       |       |       |   109 |  1078 |  1965 |  1765 |  1950 |  1639 ||  8506

Table legend:
 A = Non-vault XP
 B = Vault XP
 C = Vault XP percentage of total XP
 D = Non-vault monster count
 E = Vault monster count
 F = Vault count percentage of total count
                 A         B        C        D         E       F
            +---------+---------+-------+---------+---------+-------
      Total |  683783 |  694042 |  50.4 |    1405 |     966 |  40.7
            +---------+---------+-------+---------+---------+-------
        D:1 |      18 |       4 |  18.2 |      11 |       2 |  15.4
        D:2 |      44 |       0 |   0.0 |      18 |       0 |   0.0
        D:3 |     104 |      15 |  12.6 |      15 |       7 |  31.8
        D:4 |     287 |     143 |  33.3 |      28 |       5 |  15.2
        D:5 |     958 |     473 |  33.1 |      31 |       5 |  13.9
        D:6 |     805 |       0 |   0.0 |      26 |       0 |   0.0
        D:7 |     824 |       0 |   0.0 |      13 |       0 |   0.0
        D:8 |    2216 |    1455 |  39.6 |      17 |       5 |  22.7
        D:9 |    1886 |       0 |   0.0 |      15 |       0 |   0.0
       D:10 |    2132 |     882 |  29.3 |      17 |       1 |   5.6
       D:11 |    5547 |    2165 |  28.1 |      26 |      25 |  49.0
       D:12 |    7611 |       4 |   0.1 |      44 |       2 |   4.3
       D:13 |    4920 |       0 |   0.0 |      17 |       0 |   0.0
       D:14 |    8708 |    3881 |  30.8 |      26 |       7 |  21.2
       D:15 |   10429 |    2899 |  21.8 |      18 |       3 |  14.3
     Lair:1 |    7279 |     200 |   2.7 |      30 |      14 |  31.8
     Lair:2 |    2723 |     594 |  17.9 |      14 |       3 |  17.6
     Lair:3 |    7052 |    2686 |  27.6 |      30 |       8 |  21.1
     Lair:4 |    8153 |    2706 |  24.9 |      26 |       6 |  18.8
     Lair:5 |    2931 |   16275 |  84.7 |      11 |      36 |  76.6
    Swamp:1 |   16132 |       0 |   0.0 |      31 |       0 |   0.0
    Swamp:2 |   10340 |     262 |   2.5 |      16 |       1 |   5.9
    Swamp:3 |   10298 |       0 |   0.0 |      19 |       0 |   0.0
    Swamp:4 |   16158 |   16779 |  50.9 |      28 |      41 |  59.4
   Spider:1 |   17133 |    2772 |  13.9 |      53 |      10 |  15.9
   Spider:2 |   22025 |    3524 |  13.8 |      54 |       2 |   3.6
   Spider:3 |   11813 |     834 |   6.6 |      33 |       1 |   2.9
   Spider:4 |    3826 |   25203 |  86.8 |      11 |      44 |  80.0
      Orc:1 |    2077 |       0 |   0.0 |      16 |       0 |   0.0
      Orc:2 |    3441 |    9660 |  73.7 |      50 |      29 |  36.7
   Vaults:1 |   43636 |   18482 |  29.8 |      69 |      43 |  38.4
   Vaults:2 |   20493 |   17396 |  45.9 |      29 |      19 |  39.6
   Vaults:3 |   22935 |   28138 |  55.1 |      33 |      32 |  49.2
   Vaults:4 |   24688 |   26736 |  52.0 |      35 |      31 |  47.0
   Vaults:5 |   11657 |  129164 |  91.7 |      21 |     106 |  83.5
    Crypt:1 |   22288 |    3613 |  13.9 |      39 |      10 |  20.4
    Crypt:2 |   29910 |       0 |   0.0 |      48 |       0 |   0.0
    Crypt:3 |       0 |   58359 | 100.0 |       0 |      91 | 100.0
     Tomb:1 |    9036 |   65074 |  87.8 |      19 |      48 |  71.6
     Tomb:2 |   10352 |   35582 |  77.5 |      25 |      58 |  69.9
     Tomb:3 |   10394 |   90262 |  89.7 |      22 |      93 |  80.9
   Depths:1 |   28734 |    2529 |   8.1 |      36 |       5 |  12.2
   Depths:2 |   22996 |   25406 |  52.5 |      25 |      25 |  50.0
   Depths:3 |   30601 |   22728 |  42.6 |      34 |      26 |  43.3
   Depths:4 |   10220 |   18851 |  64.8 |      14 |      16 |  53.3
      Zot:1 |   45348 |   13781 |  23.3 |      38 |      14 |  26.9
      Zot:2 |   47338 |       0 |   0.0 |      43 |       0 |   0.0
      Zot:3 |   27388 |   17160 |  38.5 |      23 |      17 |  42.5
      Zot:4 |   38694 |       0 |   0.0 |      31 |       0 |   0.0
    Abyss:2 |    5765 |       0 |   0.0 |      15 |       0 |   0.0
    Abyss:3 |   20471 |       0 |   0.0 |      50 |       0 |   0.0
        Pan |   12969 |   23416 |  64.4 |      12 |      19 |  61.3
      Sewer |       0 |     378 | 100.0 |       0 |      50 | 100.0
     WizLab |       0 |     780 | 100.0 |       0 |       1 | 100.0
   Gauntlet |       0 |    2791 | 100.0 |       0 |       5 | 100.0
            +---------+---------+-------+---------+---------+-------
